Workbook
Name JR_PAGE_ANCHOR_0_1: Debt!$A$1
Name JR_PAGE_ANCHOR_0_1: #REF!
Name JR_PAGE_ANCHOR_0_2: Equity!$A$1

Sheet Overlap Summary
A1: Portfolio Overlap Report - Equity Schemes
A2: ="As on "&RIGHT(Equity!A2,10) -> As on 30.06.2026
A4: Scheme | B4: Quantum ESG Best In Class Strategy Fund | C4: Quantum Ethical Fund | D4: Quantum Small Cap Fund | E4: Quantum Tax Saving Fund
A5: Quantum Long Term Equity Value Fund | B5: ='Equity Lookup'!$K$3/100 -> 0.2518 | C5: ='Equity Lookup'!$K$4/100 -> 0.1423 | D5: ='Equity Lookup'!$M$3/100 -> 0.1734 | E5: ='Equity Lookup'!$M$4/100 -> 0.9219
A6: Quantum ESG Best In Class Strategy Fund | B6: - | C6: ='Equity Lookup'!$O$4/100 -> 0.632 | D6: ='Equity Lookup'!$Q$3/100 -> 0.0996 | E6: ='Equity Lookup'!$Q$4/100 -> 0.2544
A7: Quantum Ethical Fund | B7: - | C7: - | D7: ='Equity Lookup'!$S$4/100 -> 0.0591 | E7: ='Equity Lookup'!$U$3/100 -> 0.1438
A8: Quantum Small Cap Fund | B8: - | C8: - | D8: - | E8: ='Equity Lookup'!$W$3/100 -> 0.1734
A9: Quantum Tax Saving Fund | B9: - | C9: - | D9: - | E9: -
A11: Portfolio Overlap Report - Debt Schemes
A12: ="As on "&RIGHT(Debt!A2,10) -> As on 30.06.2026
A14: Scheme | B14: Quantum Liquid Fund
A15: Quantum Dynamic Bond Fund | B15: ='Debt Lookup'!$H$3/100 -> 0.0034
A16: Quantum Liquid Fund | B16: -
A19: Methodology (As per Annexure A):
A20: 1. Weightage of each security = Market Value as % of Net Asset
A21: 2. Only securities with valid ISINs are considered
A22: 3. For each common security, minimum weightage between the two schemes is taken
A23: 4. Portfolio Overlap (%) = Sum of minimum weightages of all common securities
A25: Note: '-' indicates the comparison is shown in the corresponding row/column. All values auto-update when Equity/Debt sheets are modified.

Sheet Debt
A1: QUANTUM MUTUAL FUND
A2: Holding Statement as on 30.06.2026
A3: Scheme Code | B3: Scheme Name | C3: Security Code | D3: ISIN | E3: Security Name | F3: Security Type | G3: Security Type Name | H3: Quantity | I3: Face Value Per Unit (Rs.) | J3: Previous Market Price | K3: Current Market Price | L3: Price Variance between Previous & Current (%) | M3: Quotation Currency | N3: Average Unit Cost (Rs.) | O3: Total Book Cost (Rs.) | P3: Ammortised Book Cost (Rs.) | Q3: Total Market Value (Rs.) | R3: Total Face Value (Rs.) | S3: Cummulative Unrealised Gain/(Loss) (Rs.) | T3: Unrealised Gain Loss for the Day (Rs.) | U3: Market Value as % of Net Asset | V3: Market Value as % of Total Investments | W3: Accrued Interest | X3: Accretion of Premium/Discount | Y3: Price Date | Z3: Rating | AA3: Coupon Rate | AB3: Previous IP Date | AC3: Next IP Date | AD3: Final Maturity | AE3: Residual Maturity Period (Days) | AF3: Maturity / Put / Call / Reset Option | AG3: Classification of Maturity / Put / Call / Reset Option | AH3: Listed / Unlisted | AI3: Illiquidty bps | AJ3: CBV Matrix | AK3: Sector / Industry Classification | AL3: Issuer Name | AM3: Exchange
A4: QDBF | B4: Quantum Dynamic Term Fund | C4: TRP_010726 | E4: TRP_010726 | F4: CBLO | G4: CBLO | H4: 239942.34 | I4: 100 | J4: 0 | K4: 100 | L4: 1 | M4: INR | N4: 99.985106 | O4: 23990660 | P4: 23994234 | Q4: 23994234 | R4: 23994234 | S4: 0 | T4: 0 | U4: 0.0276 | V4: 0.0285 | W4: 0 | X4: 3573.72 | Y4: 46203 | AC4: 46204 | AD4: 46204 | AE4: 1 | AF4: 46204 | AG4: MATURITY | AH4: UNLISTED | AK4: Others | AL4: Clearing Corporation of India Ltd | AM4: NSE
A5: QDBF | B5: Quantum Dynamic Term Fund | F5: CBLO TOTAL | O5: 23990660 | P5: 23994234 | Q5: 23994234 | S5: 0 | T5: 0 | U5: 0.0276 | V5: 0.0285 | W5: 0 | X5: 3573.72
A6: QDBF | B6: Quantum Dynamic Term Fund | C6: CDMD50ME | D6: INF0RQ622028 | E6: Corporate Debt Market Development Fund Class A2 | F6: CDMDF | G6: Corporate Debt Market Development Fund Class A2 | H6: 322.055 | I6: 10000 | J6: 11869.8 | K6: 11871.391 | L6: 0.0001340281 | M6: INR | N6: 10221.131 | O6: 3291766.5 | P6: 3291766.5 | Q6: 3823240.8 | R6: 3220550 | S6: 531474.36 | T6: 512.42 | U6: 0.0044 | V6: 0.0045 | W6: 0 | X6: 0 | Y6: 46203 | AH6: UNLISTED | AK6: Others | AL6: Corporate Debt Market Development Fund | AM6: NSE
A7: QDBF | B7: Quantum Dynamic Term Fund | F7: CDMDF TOTAL | O7: 3291766.5 | P7: 3291766.5 | Q7: 3823240.8 | S7: 531474.36 | T7: 512.42 | U7: 0.0044 | V7: 0.0045 | W7: 0 | X7: 0
A8: QDBF | B8: Quantum Dynamic Term Fund | C8: NBAR896 | D8: INE261F08EU4 | E8: 7.44% NABARD NCD SR 26F (MD 17/07/2029) | F8: CORPORATE | G8: Corporate Bond | H8: 500000 | I8: 100 | J8: 100.5875 | K8: 100.6084 | L8: 0.00020773613 | M8: INR | N8: 100.25 | O8: 50125000 | P8: 50125000 | Q8: 50304200 | R8: 50000000 | S8: 179200 | T8: 10450 | U8: 0.0579 | V8: 0.0598 | W8: 1080328.8 | X8: 0 | Y8: 46203 | Z8: CRISIL AAA | AA8: 7.44 | AC8: 46220 | AD8: 47316 | AE8: 1113 | AF8: 47316 | AG8: MATURITY | AH8: LISTED | AK8: Finance | AL8: National Bank For Agriculture and Rural Development | AM8: NSE
A9: QDBF | B9: Quantum Dynamic Term Fund | C9: NHBA337 | D9: INE557F08GE4 | E9: 6.80% National Housing Bank NCD (MD 02/04/2032) | F9: CORPORATE | G9: Corporate Bond | H9: 500000 | I9: 100 | J9: 98.0976 | K9: 98.3471 | L9: 0.002536933 | M9: INR | N9: 100 | O9: 50000000 | P9: 50000000 | Q9: 49173550 | R9: 50000000 | S9: -826450 | T9: 124750 | U9: 0.0566 | V9: 0.0584 | W9: 624109.59 | X9: 0 | Y9: 46203 | Z9: CARE AAA | AA9: 6.8 | AB9: 46137 | AC9: 46502 | AD9: 48306 | AE9: 2103 | AF9: 48306 | AG9: MATURITY | AH9: LISTED | AK9: Finance | AL9: National Housing Bank | AM9: NSE
A10: QDBF | B10: Quantum Dynamic Term Fund | C10: POWF419 | D10: INE134E08JQ3 | E10: 8.95% Power Fin Corp Ltd SR 178 NCD (MD 10/10/28) | F10: CORPORATE | G10: Corporate Bond | H10: 500000 | I10: 100 | J10: 103.5858 | K10: 103.632 | L10: 0.00044580824 | M10: INR | N10: 105.0134 | O10: 52506700 | P10: 52506700 | Q10: 51816000 | R10: 50000000 | S10: -690700 | T10: 23100 | U10: 0.0596 | V10: 0.0616 | W10: 3236712.3 | X10: 0 | Y10: 46203 | Z10: CRISIL AAA | AA10: 8.95 | AB10: 45940 | AC10: 46305 | AD10: 47036 | AE10: 833 | AF10: 47036 | AG10: MATURITY | AH10: LISTED | AK10: Finance | AL10: Power Finance Corporation Limited | AM10: NSE
A11: QDBF | B11: Quantum Dynamic Term Fund | C11: SIDB573 | D11: INE556F08KS8 | E11: 7.34% SIDBI NCD Ser III (MD 26/02/2029) | F11: CORPORATE | G11: Corporate Bond | H11: 500000 | I11: 100 | J11: 100.1218 | K11: 100.2555 | L11: 0.0013335927 | M11: INR | N11: 99.8475 | O11: 49923750 | P11: 49923750 | Q11: 50127750 | R11: 50000000 | S11: 204000 | T11: 66850 | U11: 0.0577 | V11: 0.0596 | W11: 2795232.9 | X11: 0 | Y11: 46203 | Z11: CRISIL AAA | AA11: 7.34 | AB11: 45926 | AC11: 46291 | AD11: 47175 | AE11: 972 | AF11: 47175 | AG11: MATURITY | AH11: LISTED | AK11: Finance | AL11: Small Industries Dev Bank of India | AM11: NSE
A12: QDBF | B12: Quantum Dynamic Term Fund | F12: CORPORATE TOTAL | O12: 202555450 | P12: 202555450 | Q12: 201421500 | S12: -1133950 | T12: 225150 | U12: 0.2318 | V12: 0.2394 | W12: 7736383.6 | X12: 0
A13: QDBF | B13: Quantum Dynamic Term Fund | C13: GOI5152 | D13: IN0020230051 | E13: 7.3% GOI (MD 19/06/2053) | F13: GOVERNMENT | G13: Government Bond | H13: 400 | I13: 100 | J13: 99.6003 | K13: 99.927 | L13: 0.0032693867 | M13: INR | N13: 101.1021 | O13: 40440.84 | P13: 40440.84 | Q13: 39970.8 | R13: 40000 | S13: -470.04 | T13: 130.68 | U13: 0 | V13: 0 | W13: 97.33 | X13: 0 | Y13: 46203 | Z13: SOV | AA13: 7.3 | AB13: 46192 | AC13: 46375 | AD13: 56054 | AE13: 9851 | AF13: 56054 | AG13: MATURITY | AH13: LISTED | AK13: Government of India | AL13: Government of India | AM13: NSE
A14: QDBF | B14: Quantum Dynamic Term Fund | C14: GOI5817 | D14: IN0020240050 | E14: 7.04% GOI (MD 03/06/2029) | F14: GOVERNMENT | G14: Government Bond | H14: 500000 | I14: 100 | J14: 102.2201 | K14: 102.3448 | L14: 0.0012184302 | M14: INR | N14: 102.975 | O14: 51487500 | P14: 51487500 | Q14: 51172400 | R14: 50000000 | S14: -315100 | T14: 62350 | U14: 0.0589 | V14: 0.0608 | W14: 273777.78 | X14: 0 | Y14: 46203 | Z14: SOV | AA14: 7.04 | AB14: 46176 | AC14: 46359 | AD14: 47272 | AE14: 1069 | AF14: 47272 | AG14: MATURITY | AH14: LISTED | AK14: Government of India | AL14: Government of India | AM14: NSE
A15: QDBF | B15: Quantum Dynamic Term Fund | C15: GOI6889 | D15: IN0020250042 | E15: 6.68% GOI (MD 07/07/2040) | F15: GOVERNMENT | G15: Government Bond | H15: 1500000 | I15: 100 | J15: 97.2087 | K15: 97.4463 | L15: 0.002438266 | M15: INR | N15: 94.774286 | O15: 1.4216143e+08 | P15: 1.4216143e+08 | Q15: 146169450 | R15: 150000000 | S15: 4008021.4 | T15: 356400 | U15: 0.1681 | V15: 0.1737 | W15: 4843000 | X15: 0 | Y15: 46203 | Z15: SOV | AA15: 6.68 | AB15: 46029 | AC15: 46210 | AD15: 51324 | AE15: 5121 | AF15: 51324 | AG15: MATURITY | AH15: LISTED | AK15: Government of India | AL15: Government of India | AM15: NSE
A16: QDBF | B16: Quantum Dynamic Term Fund | C16: GOI6960 | D16: IN0020250075 | E16: 7.24% GOI (MD 18/08/2055) | F16: GOVERNMENT | G16: Government Bond | H16: 3000000 | I16: 100 | J16: 98.9717 | K16: 99.1813 | L16: 0.0021133016 | M16: INR | N16: 97.779583 | O16: 293338750 | P16: 293338750 | Q16: 297543900 | R16: 300000000 | S16: 4205150 | T16: 628800 | U16: 0.3422 | V16: 0.3536 | W16: 8024333.3 | X16: 0 | Y16: 46203 | Z16: SOV | AA16: 7.24 | AB16: 46071 | AC16: 46252 | AD16: 56844 | AE16: 10641 | AF16: 56844 | AG16: MATURITY | AH16: LISTED | AK16: Government of India | AL16: Government of India | AM16: NSE
A17: QDBF | B17: Quantum Dynamic Term Fund | C17: GOI7094 | D17: IN0020250091 | E17: 6.48% GOI (MD 06/10/2035) | F17: GOVERNMENT | G17: Government Bond | H17: 100000 | I17: 100 | J17: 98.0178 | K17: 98.1129 | L17: 0.0009692915 | M17: INR | N17: 96.165365 | O17: 9616536.5 | P17: 9616536.5 | Q17: 9811290 | R17: 10000000 | S17: 194753.54 | T17: 9510 | U17: 0.0113 | V17: 0.0117 | W17: 153000 | X17: 0 | Y17: 46203 | Z17: SOV | AA17: 6.48 | AB17: 46118 | AC17: 46301 | AD17: 49588 | AE17: 3385 | AF17: 49588 | AG17: MATURITY | AH17: LISTED | AK17: Government of India | AL17: Government of India | AM17: NSE
A18: QDBF | B18: Quantum Dynamic Term Fund | F18: GOVERNMENT TOTAL | O18: 4.9664466e+08 | P18: 4.9664466e+08 | Q18: 5.0473701e+08 | S18: 8092354.9 | T18: 1057190.7 | U18: 0.5805 | V18: 0.5998 | W18: 13294208 | X18: 0
A19: QDBF | B19: Quantum Dynamic Term Fund | C19: GOI7060 | D19: IN1520250144 | E19: 7.07% Gujarat SDL (MD 24/09/2032) | F19: GSEC-S | G19: State Government Bond | H19: 72900 | I19: 100 | J19: 99.2448 | K19: 99.5166 | L19: 0.0027312026 | M19: INR | N19: 100 | O19: 7290000 | P19: 7290000 | Q19: 7254760.1 | R19: 7290000 | S19: -35239.86 | T19: 19814.22 | U19: 0.0083 | V19: 0.0086 | W19: 138872.48 | X19: 0 | Y19: 46203 | Z19: SOV | AA19: 7.07 | AB19: 46105 | AC19: 46289 | AD19: 48481 | AE19: 2278 | AF19: 48481 | AG19: MATURITY | AH19: LISTED | AK19: Government of India | AL19: State Government Securities | AM19: NSE
A20: QDBF | B20: Quantum Dynamic Term Fund | C20: GOI7073 | D20: IN3120250276 | E20: 7.05% Tamilnadu SDL (MD 17/09/2031) | F20: GSEC-S | G20: State Government Bond | H20: 500000 | I20: 100 | J20: 99.9205 | K20: 100.0066 | L20: 0.00086094318 | M20: INR | N20: 100.29 | O20: 50145000 | P20: 50145000 | Q20: 50003300 | R20: 50000000 | S20: -141700 | T20: 43050 | U20: 0.0575 | V20: 0.0594 | W20: 1018333.3 | X20: 0 | Y20: 46203 | Z20: SOV | AA20: 7.05 | AB20: 46098 | AC20: 46282 | AD20: 48108 | AE20: 1905 | AF20: 48108 | AG20: MATURITY | AH20: LISTED | AK20: Government of India | AL20: State Government Securities | AM20: NSE
A21: QDBF | B21: Quantum Dynamic Term Fund | C21: GOI7303 | D21: IN1920250074 | E21: 7.16% Karnataka SDL (MD 07/07/2031) | F21: GSEC-S | G21: State Government Bond | H21: 500000 | I21: 100 | J21: 100.3934 | K21: 100.477 | L21: 0.00083203121 | M21: INR | N21: 100.31 | O21: 50155000 | P21: 50155000 | Q21: 50238500 | R21: 50000000 | S21: 83500 | T21: 41800 | U21: 0.0578 | V21: 0.0597 | W21: 1730333.3 | X21: 0 | Y21: 46203 | Z21: SOV | AA21: 7.16 | AC21: 46210 | AD21: 48036 | AE21: 1833 | AF21: 48036 | AG21: MATURITY | AH21: LISTED | AK21: Government of India | AL21: State Government Securities | AM21: NSE
A22: QDBF | B22: Quantum Dynamic Term Fund | F22: GSEC-S TOTAL | O22: 107590000 | P22: 107590000 | Q22: 1.0749656e+08 | S22: -93439.86 | T22: 104664.22 | U22: 0.1236 | V22: 0.1277 | W22: 2887539.1 | X22: 0
A23: QDBF | B23: Quantum Dynamic Term Fund | C23: Cash & Cash Equivalent: | E23: Cash & Cash Equivalent: | Q23: 27926722 | U23: 0.0321
A24: QDBF | B24: Quantum Dynamic Term Fund | C24: Net Asset: | E24: Net Asset: | Q24: 8.6939927e+08 | U24: 1
A26: QEFF | B26: Quantum Diversified Equity All Cap Active FOF | C26: TRP_010726 | E26: TRP_010726 | F26: CBLO | G26: CBLO | H26: 172226.59 | I26: 100 | J26: 0 | K26: 100 | L26: 1 | M26: INR | N26: 99.985345 | O26: 17220135 | P26: 17222659 | Q26: 17222659 | R26: 17222659 | S26: 0 | T26: 0 | U26: 0.0133 | V26: 0.0135 | W26: 0 | X26: 2524.05 | Y26: 46203 | AC26: 46204 | AD26: 46204 | AE26: 1 | AF26: 46204 | AG26: MATURITY | AH26: UNLISTED | AK26: Others | AL26: Clearing Corporation of India Ltd | AM26: NSE
A27: QEFF | B27: Quantum Diversified Equity All Cap Active FOF | F27: CBLO TOTAL | O27: 17220135 | P27: 17222659 | Q27: 17222659 | S27: 0 | T27: 0 | U27: 0.0133 | V27: 0.0135 | W27: 0 | X27: 2524.05
A28: QEFF | B28: Quantum Diversified Equity All Cap Active FOF | C28: 118535 | D28: INF090I01FK3 | E28: Franklin India Flexi Cap Fund - Direct - Gr | F28: MUTFUND | G28: Mutual Fund Units | H28: 101821.54 | I28: 10 | J28: 1783.0501 | K28: 1778.2095 | L28: -0.0027221764 | M28: INR | N28: 1861.4973 | O28: 1.8954052e+08 | P28: 1.8954052e+08 | Q28: 1.8106003e+08 | R28: 1018215.4 | S28: -8480490.1 | T28: -492877.36 | U28: 0.1394 | V28: 0.1419 | W28: 0 | X28: 0 | Y28: 46203 | AH28: LISTED | AK28: Others | AL28: Franklin Templeton Mutual Fund | AM28: NSE
A29: QEFF | B29: Quantum Diversified Equity All Cap Active FOF | C29: 118632 | D29: INF204K01XI3 | E29: Nippon India Large Cap Fund-Direct Growth Plan | F29: MUTFUND | G29: Mutual Fund Units | H29: 1764828.3 | I29: 10 | J29: 100.7184 | K29: 100.4828 | L29: -0.0023446799 | M29: INR | N29: 104.90411 | O29: 1.8513774e+08 | P29: 1.8513774e+08 | Q29: 1.7733489e+08 | R29: 17648283 | S29: -7802849.7 | T29: -415793.56 | U29: 0.1365 | V29: 0.139 | W29: 0 | X29: 0 | Y29: 46203 | AH29: LISTED | AK29: Others | AL29: Nippon India Mutual Fund | AM29: NSE
A30: QEFF | B30: Quantum Diversified Equity All Cap Active FOF | C30: 118950 | D30: INF179K01VK7 | E30: HDFC Focused Fund - Growth Option - Direct Plan | F30: MUTFUND | G30: Mutual Fund Units | H30: 692165.05 | I30: 10 | J30: 262.482 | K30: 262.511 | L30: 0.00011047156 | M30: INR | N30: 267.91403 | O30: 1.8544073e+08 | P30: 1.8544073e+08 | Q30: 1.8170094e+08 | R30: 6921650.5 | S30: -3739788.5 | T30: 20072.79 | U30: 0.1399 | V30: 0.1424 | W30: 0 | X30: 0 | Y30: 46203 | AH30: LISTED | AK30: Others | AL30: HDFC Mutual Fund | AM30: NSE
A31: QEFF | B31: Quantum Diversified Equity All Cap Active FOF | C31: 119250 | D31: INF740K01PR3 | E31: DSP Large Cap Fund - Direct Plan - Growth | F31: MUTFUND | G31: Mutual Fund Units | H31: 356139.31 | I31: 10 | J31: 502.78 | K31: 501.426 | L31: -0.0027002987 | M31: INR | N31: 513.56217 | O31: 1.8289968e+08 | P31: 1.8289968e+08 | Q31: 1.7857751e+08 | R31: 3561393.1 | S31: -4322167.4 | T31: -482212.62 | U31: 0.1375 | V31: 0.14 | W31: 0 | X31: 0 | Y31: 46203 | AH31: LISTED | AK31: Others | AL31: DSP Mutual Fund | AM31: NSE
A32: QEFF | B32: Quantum Diversified Equity All Cap Active FOF | C32: 119564 | D32: INF209K01WE3 | E32: Aditya Birla Sun Life Focused Eq Fund - Grw-Dir Pl | F32: MUTFUND | G32: Mutual Fund Units | H32: 467091.59 | I32: 10 | J32: 162.9346 | K32: 162.7976 | L32: -0.00084153575 | M32: INR | N32: 162.80789 | O32: 76046197 | P32: 76046197 | Q32: 76041389 | R32: 4670915.9 | S32: -4808.3 | T32: -63991.55 | U32: 0.0585 | V32: 0.0596 | W32: 0 | X32: 0 | Y32: 46203 | AH32: LISTED | AK32: Others | AL32: Aditya Birla Sun Life Mutual Fund | AM32: NSE
A33: QEFF | B33: Quantum Diversified Equity All Cap Active FOF | C33: 120403 | D33: INF205K01MV6 | E33: Invesco India Midcap Fund - Direct Plan - Growth | F33: MUTFUND | G33: Mutual Fund Units | H33: 834465.55 | I33: 10 | J33: 235.55 | K33: 237.1 | L33: 0.006537326 | M33: INR | N33: 220.9088 | O33: 1.8434078e+08 | P33: 1.8434078e+08 | Q33: 1.9785178e+08 | R33: 8344655.5 | S33: 13510999 | T33: 1293421.6 | U33: 0.1523 | V33: 0.1551 | W33: 0 | X33: 0 | Y33: 46203 | AH33: LISTED | AK33: Others | AL33: Invesco Mutual Fund | AM33: NSE
A34: QEFF | B34: Quantum Diversified Equity All Cap Active FOF | C34: 120596 | D34: INF109K011O5 | E34: ICICI Pru Large & Mid Cap Fund -Direct Plan -Gr | F34: MUTFUND | G34: Mutual Fund Units | H34: 23999.125 | I34: 10 | J34: 1135.08 | K34: 1136.01 | L34: 0.00081865477 | M34: INR | N34: 1115.2339 | O34: 26764638 | P34: 26764638 | Q34: 27263246 | R34: 239991.25 | S34: 498608.42 | T34: -430158.66 | U34: 0.021 | V34: 0.0214 | W34: 0 | X34: 0 | Y34: 46203 | AH34: LISTED | AK34: Others | AL34: ICICI Prudential Mutual Fund | AM34: NSE
A35: QEFF | B35: Quantum Diversified Equity All Cap Active FOF | C35: 120722 | D35: INF109K018N2 | E35: ICICI Prudential Focused Equity Fund -Dir Pl-Gr op | F35: MUTFUND | G35: Mutual Fund Units | H35: 1730244.6 | I35: 10 | J35: 107.7 | K35: 107.89 | L35: 0.0017610529 | M35: INR | N35: 79.826617 | O35: 1.3811958e+08 | P35: 1.3811958e+08 | Q35: 1.8667609e+08 | R35: 17302446 | S35: 48556518 | T35: 328746.49 | U35: 0.1437 | V35: 0.1463 | W35: 0 | X35: 0 | Y35: 46203 | AH35: LISTED | AK35: Others | AL35: ICICI Prudential Mutual Fund | AM35: NSE
A36: QEFF | B36: Quantum Diversified Equity All Cap Active FOF | C36: 147473 | D36: INF174KA1EN7 | E36: Kotak Focused Fund- Direct Plan- Growth option | F36: MUTFUND | G36: Mutual Fund Units | H36: 1730905.9 | I36: 10 | J36: 29.901 | K36: 30.018 | L36: 0.0038976614 | M36: INR | N36: 30.04057 | O36: 51997400 | P36: 51997400 | Q36: 51958334 | R36: 17309059 | S36: -39066.01 | T36: 101571.61 | U36: 0.04 | V36: 0.0407 | W36: 0 | X36: 0 | Y36: 46203 | AH36: LISTED | AK36: Others | AL36: Kotak Mutual Fund | AM36: NSE
A37: QEFF | B37: Quantum Diversified Equity All Cap Active FOF | F37: MUTFUND TOTAL | O37: 1.2202873e+09 | P37: 1.2202873e+09 | Q37: 1.2584642e+09 | S37: 38176955 | T37: -141221.25 | U37: 0.9688 | V37: 0.9864 | W37: 0 | X37: 0
A38: QEFF | B38: Quantum Diversified Equity All Cap Active FOF | C38: Cash & Cash Equivalent: | E38: Cash & Cash Equivalent: | Q38: 23128574 | U38: 0.0179
A39: QEFF | B39: Quantum Diversified Equity All Cap Active FOF | C39: Net Asset: | E39: Net Asset: | Q39: 1.2988155e+09 | U39: 1
A41: QGSF | B41: Quantum Gold ETF FOF | C41: TRP_010726 | E41: TRP_010726 | F41: CBLO | G41: CBLO | H41: 100715.6 | I41: 100 | J41: 0 | K41: 100 | L41: 1 | M41: INR | N41: 99.985345 | O41: 10070084 | P41: 10071560 | Q41: 10071560 | R41: 10071560 | S41: 0 | T41: 0 | U41: 0.002 | V41: 0.002 | W41: 0 | X41: 1476.03 | Y41: 46203 | AC41: 46204 | AD41: 46204 | AE41: 1 | AF41: 46204 | AG41: MATURITY | AH41: UNLISTED | AK41: Others | AL41: Clearing Corporation of India Ltd | AM41: NSE
A42: QGSF | B42: Quantum Gold ETF FOF | F42: CBLO TOTAL | O42: 10070084 | P42: 10071560 | Q42: 10071560 | S42: 0 | T42: 0 | U42: 0.002 | V42: 0.002 | W42: 0 | X42: 1476.03
A43: QGSF | B43: Quantum Gold ETF FOF | C43: QGET52ME | D43: INF082J01408 | E43: Quantum Gold ETF | F43: ETF | G43: Exchange Traded Funds | H43: 42993685 | I43: 2 | J43: 116.79 | K43: 116.19 | L43: -0.0051639556 | M43: INR | N43: 75.534418 | O43: 3.247503e+09 | P43: 3.247503e+09 | Q43: 4.9954363e+09 | R43: 85987370 | S43: 1.7479333e+09 | T43: -25736955 | U43: 1.0006 | V43: 0.998 | W43: 0 | X43: 0 | Y43: 46203 | AH43: LISTED | AK43: Others | AL43: Quantum Mutual Fund | AM43: NSE
A44: QGSF | B44: Quantum Gold ETF FOF | F44: ETF TOTAL | O44: 3.247503e+09 | P44: 3.247503e+09 | Q44: 4.9954363e+09 | S44: 1.7479333e+09 | T44: -25736955 | U44: 1.0006 | V44: 0.998 | W44: 0 | X44: 0
A45: QGSF | B45: Quantum Gold ETF FOF | C45: Cash & Cash Equivalent: | E45: Cash & Cash Equivalent: | Q45: -13137718 | U45: -0.0026
A46: QGSF | B46: Quantum Gold ETF FOF | C46: Net Asset: | E46: Net Asset: | Q46: 4.9923701e+09 | U46: 1
A48: QLF | B48: QUANTUM LIQUID FUND | C48: TRP_010726 | E48: TRP_010726 | F48: CBLO | G48: CBLO | H48: 3664508.2 | I48: 100 | J48: 0 | K48: 100 | L48: 1 | M48: INR | N48: 99.985106 | O48: 3.6639624e+08 | P48: 366450822 | Q48: 366450822 | R48: 366450822 | S48: 0 | T48: 0 | U48: 0.069 | V48: 0.0703 | W48: 0 | X48: 54579.73 | Y48: 46203 | AC48: 46204 | AD48: 46204 | AE48: 1 | AF48: 46204 | AG48: MATURITY | AH48: UNLISTED | AK48: Others | AL48: Clearing Corporation of India Ltd | AM48: NSE
A49: QLF | B49: QUANTUM LIQUID FUND | F49: CBLO TOTAL | O49: 3.6639624e+08 | P49: 366450822 | Q49: 366450822 | S49: 0 | T49: 0 | U49: 0.069 | V49: 0.0703 | W49: 0 | X49: 54579.73
A50: QLF | B50: QUANTUM LIQUID FUND | C50: BKBA583 | D50: INE028A16ME8 | E50: Bank of Baroda CD (MD 14/08/2026) | F50: CD | G50: Certificate of Deposit | H50: 2500000 | I50: 100 | J50: 99.1868 | K50: 99.2374 | L50: 0.00050988841 | M50: INR | N50: 98.3319 | O50: 245829750 | P50: 2.4786638e+08 | Q50: 248093500 | R50: 250000000 | S50: 227116.24 | T50: 78008.72 | U50: 0.0467 | V50: 0.0476 | W50: 0 | X50: 2036633.8 | Y50: 46203 | Z50: CARE A1+ | AC50: 46248 | AD50: 46248 | AE50: 45 | AF50: 46248 | AG50: MATURITY | AH50: UNLISTED | AK50: Banks | AL50: Bank of Baroda | AM50: NSE
A51: QLF | B51: QUANTUM LIQUID FUND | C51: CANB1114 | D51: INE476A16J41 | E51: Canara Bank CD (MD 01/09/2026) | F51: CD | G51: Certificate of Deposit | H51: 2500000 | I51: 100 | J51: 98.8568 | K51: 98.947 | L51: 0.00091159914 | M51: INR | N51: 98.2414 | O51: 245603500 | P51: 2.4700458e+08 | Q51: 247367500 | R51: 250000000 | S51: 362917.49 | T51: 177186.81 | U51: 0.0466 | V51: 0.0475 | W51: 0 | X51: 1401082.5 | Y51: 46203 | Z51: CRISIL A1+ | AC51: 46266 | AD51: 46266 | AE51: 63 | AF51: 46266 | AG51: MATURITY | AH51: UNLISTED | AK51: Banks | AL51: Canara Bank | AM51: NSE
A52: QLF | B52: QUANTUM LIQUID FUND | C52: PUBA1154 | D52: INE160A16UT0 | E52: Punjab National Bank CD (MD 15/09/2026) | F52: CD | G52: Certificate of Deposit | H52: 4000000 | I52: 100 | J52: 98.6361 | K52: 98.7215 | L52: 0.00086505979 | M52: INR | N52: 98.4053 | O52: 393621200 | P52: 3.9467265e+08 | Q52: 394886000 | R52: 400000000 | S52: 213349.5 | T52: 271503.3 | U52: 0.0743 | V52: 0.0758 | W52: 0 | X52: 1051450.5 | Y52: 46203 | Z52: CARE A1+ | AC52: 46280 | AD52: 46280 | AE52: 77 | AF52: 46280 | AG52: MATURITY | AH52: UNLISTED | AK52: Banks | AL52: Punjab National Bank | AM52: NSE
A53: QLF | B53: QUANTUM LIQUID FUND | F53: CD TOTAL | O53: 885054450 | P53: 8.8954362e+08 | Q53: 890347000 | S53: 803383.23 | T53: 526698.83 | U53: 0.1676 | V53: 0.1709 | W53: 0 | X53: 4489166.8
A54: QLF | B54: QUANTUM LIQUID FUND | C54: CDMD50ME | D54: INF0RQ622028 | E54: Corporate Debt Market Development Fund Class A2 | F54: CDMDF | G54: Corporate Debt Market Development Fund Class A2 | H54: 1534.23 | I54: 10000 | J54: 11869.8 | K54: 11871.391 | L54: 0.0001340281 | M54: INR | N54: 10005.167 | O54: 15350227 | P54: 15350227 | Q54: 18213444 | R54: 15342300 | S54: 2863216.9 | T54: 2441.11 | U54: 0.0034 | V54: 0.0035 | W54: 0 | X54: 0 | Y54: 46203 | AH54: UNLISTED | AK54: Others | AL54: Corporate Debt Market Development Fund | AM54: NSE
A55: QLF | B55: QUANTUM LIQUID FUND | F55: CDMDF TOTAL | O55: 15350227 | P55: 15350227 | Q55: 18213444 | S55: 2863216.9 | T55: 2441.11 | U55: 0.0034 | V55: 0.0035 | W55: 0 | X55: 0
A56: QLF | B56: QUANTUM LIQUID FUND | C56: HURD77 | D56: INE031A08889 | E56: 7.48% HUDCO Sr A NCD (MD 20/08/2026) | F56: CORPORATE | G56: Corporate Bond | H56: 2500000 | I56: 100 | J56: 100.0188 | K56: 100.0438 | L56: 0.00024989055 | M56: INR | N56: 99.8716 | O56: 249679000 | P56: 249679000 | Q56: 250109500 | R56: 250000000 | S56: 430500 | T56: 62500 | U56: 0.0471 | V56: 0.048 | W56: 16138356 | X56: 0 | Y56: 46203 | Z56: ICRA AAA | AA56: 7.48 | AB56: 45889 | AC56: 46254 | AD56: 46254 | AE56: 51 | AF56: 46254 | AG56: MATURITY | AH56: LISTED | AK56: Finance | AL56: Housing & Urban Development Corporation Limited | AM56: NSE
A57: QLF | B57: QUANTUM LIQUID FUND | C57: NHBA322 | D57: INE557F08FS6 | E57: 7.4% National Hsg Bank Ltd NCD (16/07/2026) | F57: CORPORATE | G57: Corporate Bond | H57: 2500000 | I57: 100 | J57: 100.0449 | K57: 100.0451 | L57: 1.9990984e-06 | M57: INR | N57: 100.2372 | O57: 250593000 | P57: 250593000 | Q57: 250112750 | R57: 250000000 | S57: -480250 | T57: 500 | U57: 0.0471 | V57: 0.048 | W57: 253424.66 | X57: 0 | Y57: 46203 | Z57: CRISIL AAA | AA57: 7.4 | AB57: 46199 | AC57: 46219 | AD57: 46219 | AE57: 16 | AF57: 46219 | AG57: MATURITY | AH57: LISTED | AK57: Finance | AL57: National Housing Bank | AM57: NSE
A58: QLF | B58: QUANTUM LIQUID FUND | C58: POWF487 | D58: INE134E08LP1 | E58: 7.13% Power Fin Corp NCD BS216 (MD 15/07/2026) | F58: CORPORATE | G58: Corporate Bond | H58: 3500000 | I58: 100 | J58: 99.9966 | K58: 99.9999 | L58: 3.3000033e-05 | M58: INR | N58: 100.08144 | O58: 350285050 | P58: 350285050 | Q58: 349999650 | R58: 350000000 | S58: -285400 | T58: 11550 | U58: 0.0659 | V58: 0.0672 | W58: 21263027 | X58: 0 | Y58: 46203 | Z58: CRISIL AAA | AA58: 7.13 | AB58: 45893 | AC58: 46218 | AD58: 46218 | AE58: 15 | AF58: 46218 | AG58: MATURITY | AH58: LISTED | AK58: Finance | AL58: Power Finance Corporation Limited | AM58: NSE
A59: QLF | B59: QUANTUM LIQUID FUND | C59: POWF517 | D59: INE134E08MT1 | E59: 7.64% Power Fin NCD 233B (MD 25/08/2026) | F59: CORPORATE | G59: Corporate Bond | H59: 500000 | I59: 100 | J59: 100.0422 | K59: 100.069 | L59: 0.00026781521 | M59: INR | N59: 100.0215 | O59: 50010750 | P59: 50010750 | Q59: 50034500 | R59: 50000000 | S59: 23750 | T59: 13400 | U59: 0.0094 | V59: 0.0096 | W59: 3244383.6 | X59: 0 | Y59: 46203 | Z59: CRISIL AAA | AA59: 7.64 | AB59: 45894 | AC59: 46259 | AD59: 46259 | AE59: 56 | AF59: 46259 | AG59: MATURITY | AH59: LISTED | AK59: Finance | AL59: Power Finance Corporation Limited | AM59: NSE
A60: QLF | B60: QUANTUM LIQUID FUND | C60: SIDB513 | D60: INE556F08KH1 | E60: 7.43% SIDBI NCD SerI (MD 31/08/2026) | F60: CORPORATE | G60: Corporate Bond | H60: 2500000 | I60: 100 | J60: 100.038 | K60: 100.0767 | L60: 0.0003867034 | M60: INR | N60: 99.9026 | O60: 249756500 | P60: 249756500 | Q60: 250191750 | R60: 250000000 | S60: 435250 | T60: 96750 | U60: 0.0471 | V60: 0.048 | W60: 15470685 | X60: 0 | Y60: 46203 | Z60: CRISIL AAA | AA60: 7.43 | AB60: 45900 | AC60: 46265 | AD60: 46265 | AE60: 62 | AF60: 46265 | AG60: MATURITY | AH60: LISTED | AK60: Finance | AL60: Small Industries Dev Bank of India | AM60: NSE
A61: QLF | B61: QUANTUM LIQUID FUND | C61: SIDB519 | D61: INE556F08KI9 | E61: 7.44% SIDBI NCD Ser II (MD 04/09/2026) | F61: CORPORATE | G61: Corporate Bond | H61: 1500000 | I61: 100 | J61: 100.0356 | K61: 100.0731 | L61: 0.00037472608 | M61: INR | N61: 100.01813 | O61: 150027200 | P61: 150027200 | Q61: 150109650 | R61: 150000000 | S61: 82450 | T61: 56250 | U61: 0.0283 | V61: 0.0288 | W61: 9172602.7 | X61: 0 | Y61: 46203 | Z61: CRISIL AAA | AA61: 7.44 | AB61: 45904 | AC61: 46269 | AD61: 46269 | AE61: 66 | AF61: 46269 | AG61: MATURITY | AH61: LISTED | AK61: Finance | AL61: Small Industries Dev Bank of India | AM61: NSE
A62: QLF | B62: QUANTUM LIQUID FUND | F62: CORPORATE TOTAL | O62: 1300351500 | P62: 1300351500 | Q62: 1300557800 | S62: 206300 | T62: 240950 | U62: 0.2449 | V62: 0.2496 | W62: 65542479 | X62: 0
A63: QLF | B63: QUANTUM LIQUID FUND | C63: EXIM825 | D63: INE514E14TJ8 | E63: Export Import Bank of India CP (MD 21/08/2026) | F63: CP | G63: Commercial Paper | H63: 2500000 | I63: 100 | J63: 99.0475 | K63: 99.111 | L63: 0.00064069579 | M63: INR | N63: 98.2125 | O63: 245531250 | P63: 2.4749554e+08 | Q63: 247777500 | R63: 250000000 | S63: 281964.39 | T63: 109642.85 | U63: 0.0466 | V63: 0.0475 | W63: 0 | X63: 1964285.6 | Y63: 46203 | Z63: CRISIL A1+ | AC63: 46255 | AD63: 46255 | AE63: 52 | AF63: 46255 | AG63: MATURITY | AH63: LISTED | AK63: Finance | AL63: Export Import Bank of India | AM63: NSE
A64: QLF | B64: QUANTUM LIQUID FUND | C64: NBAR903 | D64: INE261F14PF9 | E64: National Bank For Agri & Rural CP (MD 07/08/2026) | F64: CP | G64: Commercial Paper | H64: 4000000 | I64: 100 | J64: 99.3022 | K64: 99.3409 | L64: 0.00038956764 | M64: INR | N64: 98.3932 | O64: 393572800 | P64: 3.9738674e+08 | Q64: 397363600 | R64: 400000000 | S64: -23142.78 | T64: 84171.43 | U64: 0.0748 | V64: 0.0762 | W64: 0 | X64: 3813942.8 | Y64: 46203 | Z64: CRISIL A1+ | AC64: 46241 | AD64: 46241 | AE64: 38 | AF64: 46241 | AG64: MATURITY | AH64: LISTED | AK64: Finance | AL64: National Bank For Agriculture and Rural Development | AM64: NSE
A65: QLF | B65: QUANTUM LIQUID FUND | F65: CP TOTAL | O65: 639104050 | P65: 6.4488228e+08 | Q65: 645141100 | S65: 258821.61 | T65: 193814.28 | U65: 0.1214 | V65: 0.1237 | W65: 0 | X65: 5778228.4
A66: QLF | B66: QUANTUM LIQUID FUND | C66: GOI1599 | D66: IN1520160061 | E66: 7.83% Gujarat SDL(MD 13/07/2026) | F66: GSEC-S | G66: State Government Bond | H66: 3000000 | I66: 100 | J66: 100.0858 | K66: 100.0795 | L66: -6.2949955e-05 | M66: INR | N66: 100.575 | O66: 301725000 | P66: 301725000 | Q66: 300238500 | R66: 300000000 | S66: -1486500 | T66: -18900 | U66: 0.0565 | V66: 0.0576 | W66: 10962000 | X66: 0 | Y66: 46203 | Z66: SOV | AA66: 7.83 | AB66: 46035 | AC66: 46216 | AD66: 46216 | AE66: 13 | AF66: 46216 | AG66: MATURITY | AH66: LISTED | AK66: Government of India | AL66: State Government Securities | AM66: NSE
A67: QLF | B67: QUANTUM LIQUID FUND | F67: GSEC-S TOTAL | O67: 301725000 | P67: 301725000 | Q67: 300238500 | S67: -1486500 | T67: -18900 | U67: 0.0565 | V67: 0.0576 | W67: 10962000 | X67: 0
A68: QLF | B68: QUANTUM LIQUID FUND | C68: TBIL2533 | D68: IN002025Z153 | E68: 364 Days Tbill (MD 09/07/2026) | F68: TBILL | G68: Treasury Bill | H68: 2500000 | I68: 100 | J68: 99.8747 | K68: 99.8868 | L68: 0.00012113713 | M68: INR | N68: 98.7244 | O68: 246811000 | P68: 2.4971653e+08 | Q68: 249717000 | R68: 250000000 | S68: 466.68 | T68: -5183.33 | U68: 0.047 | V68: 0.0479 | W68: 0 | X68: 2905533.3 | Y68: 46203 | Z68: SOV | AC68: 46212 | AD68: 46212 | AE68: 9 | AF68: 46212 | AG68: MATURITY | AH68: LISTED | AK68: Government of India | AL68: Government of India | AM68: NSE
A69: QLF | B69: QUANTUM LIQUID FUND | C69: TBIL2566 | D69: IN002025Z252 | E69: 364 Days Tbill (MD 17/09/2026) | F69: TBILL | G69: Treasury Bill | H69: 2500000 | I69: 100 | J69: 98.8807 | K69: 98.9027 | L69: 0.00022244084 | M69: INR | N69: 98.8807 | O69: 247201750 | P69: 2.4723717e+08 | Q69: 247256750 | R69: 250000000 | S69: 19579.11 | T69: 19579.11 | U69: 0.0465 | V69: 0.0474 | W69: 0 | X69: 35420.89 | Y69: 46203 | Z69: SOV | AC69: 46282 | AD69: 46282 | AE69: 79 | AF69: 46282 | AG69: MATURITY | AH69: LISTED | AK69: Government of India | AL69: Government of India | AM69: NSE
A70: QLF | B70: QUANTUM LIQUID FUND | C70: TBIL2633 | D70: IN002025Y487 | E70: 182 Days Tbill (MD 03/09/2026) | F70: TBILL | G70: Treasury Bill | H70: 2500000 | I70: 100 | J70: 99.0772 | K70: 99.0981 | L70: 0.00021090213 | M70: INR | N70: 98.7785 | O70: 246946250 | P70: 2.4770071e+08 | Q70: 247745250 | R70: 250000000 | S70: 44544.13 | T70: 16323.53 | U70: 0.0466 | V70: 0.0475 | W70: 0 | X70: 754455.87 | Y70: 46203 | Z70: SOV | AC70: 46268 | AD70: 46268 | AE70: 65 | AF70: 46268 | AG70: MATURITY | AH70: LISTED | AK70: Government of India | AL70: Government of India | AM70: NSE
A71: QLF | B71: QUANTUM LIQUID FUND | C71: TBIL2648 | D71: IN002026X032 | E71: 91 Days Tbill (MD 23/07/2026) | F71: TBILL | G71: Treasury Bill | H71: 2500000 | I71: 100 | J71: 99.6734 | K71: 99.6905 | L71: 0.00017153089 | M71: INR | N71: 99.033 | O71: 247582500 | P71: 2.4919417e+08 | Q71: 249226250 | R71: 250000000 | S71: 32083.27 | T71: 6121.21 | U71: 0.0469 | V71: 0.0478 | W71: 0 | X71: 1611666.7 | Y71: 46203 | Z71: SOV | AC71: 46226 | AD71: 46226 | AE71: 23 | AF71: 46226 | AG71: MATURITY | AH71: LISTED | AK71: Government of India | AL71: Government of India | AM71: NSE
A72: QLF | B72: QUANTUM LIQUID FUND | C72: TBIL2652 | D72: IN002026X040 | E72: 91 Days Tbill (MD 30/07/2026) | F72: TBILL | G72: Treasury Bill | H72: 3500000 | I72: 100 | J72: 99.5695 | K72: 99.5914 | L72: 0.00021989851 | M72: INR | N72: 98.7594 | O72: 345657900 | P72: 3.4855263e+08 | Q72: 348569900 | R72: 350000000 | S72: 17266.65 | T72: 26740.8 | U72: 0.0656 | V72: 0.0669 | W72: 0 | X72: 2894733.4 | Y72: 46203 | Z72: SOV | AC72: 46233 | AD72: 46233 | AE72: 30 | AF72: 46233 | AG72: MATURITY | AH72: LISTED | AK72: Government of India | AL72: Government of India | AM72: NSE
A73: QLF | B73: QUANTUM LIQUID FUND | C73: TBIL2653 | D73: IN002026X057 | E73: 91 Days Tbill (MD 06/08/2026) | F73: TBILL | G73: Treasury Bill | H73: 3500000 | I73: 100 | J73: 99.474 | K73: 99.4888 | L73: 0.00014876046 | M73: INR | N73: 98.7371 | O73: 345579850 | P73: 3.4820199e+08 | Q73: 348210800 | R73: 350000000 | S73: 8805.46 | T73: 1855.4 | U73: 0.0655 | V73: 0.0668 | W73: 0 | X73: 2622144.5 | Y73: 46203 | Z73: SOV | AC73: 46240 | AD73: 46240 | AE73: 37 | AF73: 46240 | AG73: MATURITY | AH73: LISTED | AK73: Government of India | AL73: Government of India | AM73: NSE
A74: QLF | B74: QUANTUM LIQUID FUND | F74: TBILL TOTAL | O74: 1679779250 | P74: 1.6906032e+09 | Q74: 1690725950 | S74: 122745.3 | T74: 65436.72 | U74: 0.3181 | V74: 0.3243 | W74: 0 | X74: 10823955
A75: QLF | B75: QUANTUM LIQUID FUND | C75: Cash & Cash Equivalent: | E75: Cash & Cash Equivalent: | Q75: 1.014245e+08 | U75: 0.0191
A76: QLF | B76: QUANTUM LIQUID FUND | C76: Net Asset: | E76: Net Asset: | Q76: 5.3130991e+09 | U76: 1
A78: QMAF | B78: Quantum Multi Asset Active FOF | C78: TRP_010726 | E78: TRP_010726 | F78: CBLO | G78: CBLO | H78: 164176.86 | I78: 100 | J78: 0 | K78: 100 | L78: 1 | M78: INR | N78: 99.985345 | O78: 16415280 | P78: 16417686 | Q78: 16417686 | R78: 16417686 | S78: 0 | T78: 0 | U78: 0.0214 | V78: 0.0213 | W78: 0 | X78: 2406.08 | Y78: 46203 | AC78: 46204 | AD78: 46204 | AE78: 1 | AF78: 46204 | AG78: MATURITY | AH78: UNLISTED | AK78: Others | AL78: Clearing Corporation of India Ltd | AM78: NSE
A79: QMAF | B79: Quantum Multi Asset Active FOF | F79: CBLO TOTAL | O79: 16415280 | P79: 16417686 | Q79: 16417686 | S79: 0 | T79: 0 | U79: 0.0214 | V79: 0.0213 | W79: 0 | X79: 2406.08
A80: QMAF | B80: Quantum Multi Asset Active FOF | C80: QGET52ME | D80: INF082J01408 | E80: Quantum Gold ETF | F80: ETF | G80: Exchange Traded Funds | H80: 965080 | I80: 2 | J80: 116.79 | K80: 116.19 | L80: -0.0051639556 | M80: INR | N80: 41.918821 | O80: 40455016 | P80: 40455016 | Q80: 1.1213265e+08 | R80: 1930160 | S80: 71677630 | T80: -579048 | U80: 0.1459 | V80: 0.1456 | W80: 0 | X80: 0 | Y80: 46203 | AH80: LISTED | AK80: Others | AL80: Quantum Mutual Fund | AM80: NSE
A81: QMAF | B81: Quantum Multi Asset Active FOF | F81: ETF TOTAL | O81: 40455016 | P81: 40455016 | Q81: 1.1213265e+08 | S81: 71677630 | T81: -579048 | U81: 0.1459 | V81: 0.1456 | W81: 0 | X81: 0
A82: QMAF | B82: Quantum Multi Asset Active FOF | C82: 103490 | D82: INF082J01036 | E82: Quantum Value Fund - Direct Plan Grwth Opt | F82: MUTFUND | G82: Mutual Fund Units | H82: 1963929.7 | I82: 10 | J82: 124.33 | K82: 123.52 | L82: -0.0065576425 | M82: INR | N82: 113.56117 | O82: 2.2302616e+08 | P82: 2.2302616e+08 | Q82: 2.4258459e+08 | R82: 19639297 | S82: 19558433 | T82: -1590783 | U82: 0.3156 | V82: 0.315 | W82: 0 | X82: 0 | Y82: 46203 | AH82: LISTED | AK82: Others | AL82: Quantum Mutual Fund | AM82: NSE
A83: QMAF | B83: Quantum Multi Asset Active FOF | C83: 103734 | D83: INF082J01127 | E83: Quantum Liquid Fund - Direct Plan Growth Option | F83: MUTFUND | G83: Mutual Fund Units | H83: 4784455.6 | I83: 10 | J83: 37.2751 | K83: 37.2885 | L83: 0.00035936012 | M83: INR | N83: 31.420426 | O83: 1.5032963e+08 | P83: 1.5032963e+08 | Q83: 1.7840517e+08 | R83: 47844556 | S83: 28075540 | T83: 64111.7 | U83: 0.2321 | V83: 0.2317 | W83: 0 | X83: 0 | Y83: 46203 | AH83: LISTED | AK83: Others | AL83: Quantum Mutual Fund | AM83: NSE
A84: QMAF | B84: Quantum Multi Asset Active FOF | C84: 134494 | D84: INF082J01176 | E84: Quantum Dynamic Term Fund - Dr pl Gr | F84: MUTFUND | G84: Mutual Fund Units | H84: 3979080.4 | I84: 10 | J84: 22.8251 | K84: 22.8657 | L84: 0.0017755853 | M84: INR | N84: 17.846412 | O84: 71012309 | P84: 71012309 | Q84: 90984459 | R84: 39790804 | S84: 19972150 | T84: 161550.67 | U84: 0.1184 | V84: 0.1182 | W84: 0 | X84: 0 | Y84: 46203 | AH84: LISTED | AK84: Others | AL84: Quantum Mutual Fund | AM84: NSE
A85: QMAF | B85: Quantum Multi Asset Active FOF | C85: 147372 | D85: INF082J01382 | E85: Quantum ESG Best In Cls Strategy Fund-DirPlan-GrOp | F85: MUTFUND | G85: Mutual Fund Units | H85: 5381630.5 | I85: 10 | J85: 24.06 | K85: 24.06 | L85: 0 | M85: INR | N85: 22.158533 | O85: 1.1924904e+08 | P85: 1.1924904e+08 | Q85: 1.2948203e+08 | R85: 53816305 | S85: 10232992 | T85: 0 | U85: 0.1685 | V85: 0.1682 | W85: 0 | X85: 0 | Y85: 46203 | AH85: LISTED | AK85: Others | AL85: Quantum Mutual Fund | AM85: NSE
A86: QMAF | B86: Quantum Multi Asset Active FOF | F86: MUTFUND TOTAL | O86: 5.6361714e+08 | P86: 5.6361714e+08 | Q86: 6.4145625e+08 | S86: 77839115 | T86: -1365120.7 | U86: 0.8346 | V86: 0.8331 | W86: 0 | X86: 0
A87: QMAF | B87: Quantum Multi Asset Active FOF | C87: Cash & Cash Equivalent: | E87: Cash & Cash Equivalent: | Q87: -1449213.5 | U87: -0.0019
A88: QMAF | B88: Quantum Multi Asset Active FOF | C88: Net Asset: | E88: Net Asset: | Q88: 7.6855737e+08 | U88: 1
A90: QNFOF | B90: Quantum Nifty 50 ETF FOF | C90: TRP_010726 | E90: TRP_010726 | F90: CBLO | G90: CBLO | H90: 11688.89 | I90: 100 | J90: 0 | K90: 100 | L90: 1 | M90: INR | N90: 99.985344 | O90: 1168717.7 | P90: 1168889 | Q90: 1168889 | R90: 1168889 | S90: 0 | T90: 0 | U90: 0.0033 | V90: 0.0033 | W90: 0 | X90: 171.31 | Y90: 46203 | AC90: 46204 | AD90: 46204 | AE90: 1 | AF90: 46204 | AG90: MATURITY | AH90: UNLISTED | AK90: Others | AL90: Clearing Corporation of India Ltd | AM90: NSE
A91: QNFOF | B91: Quantum Nifty 50 ETF FOF | F91: CBLO TOTAL | O91: 1168717.7 | P91: 1168889 | Q91: 1168889 | S91: 0 | T91: 0 | U91: 0.0033 | V91: 0.0033 | W91: 0 | X91: 171.31
A92: QNFOF | B92: Quantum Nifty 50 ETF FOF | C92: 108479 | D92: INF082J01499 | E92: Quantum Nifty 50 ETF | F92: ETF | G92: Exchange Traded Funds | H92: 1341335 | I92: 1 | J92: 263.38 | K92: 263.08 | L92: -0.0011403375 | M92: INR | N92: 237.68308 | O92: 3.1881263e+08 | P92: 3.1881263e+08 | Q92: 3.5287841e+08 | R92: 1341335 | S92: 34065782 | T92: -402400.5 | U92: 1.0009 | V92: 0.9967 | W92: 0 | X92: 0 | Y92: 46203 | AH92: LISTED | AK92: Others | AL92: Quantum Mutual Fund | AM92: NSE
A93: QNFOF | B93: Quantum Nifty 50 ETF FOF | F93: ETF TOTAL | O93: 3.1881263e+08 | P93: 3.1881263e+08 | Q93: 3.5287841e+08 | S93: 34065782 | T93: -402400.5 | U93: 1.0009 | V93: 0.9967 | W93: 0 | X93: 0
A94: QNFOF | B94: Quantum Nifty 50 ETF FOF | C94: Cash & Cash Equivalent: | E94: Cash & Cash Equivalent: | Q94: -1495697.1 | U94: -0.0042
A95: QNFOF | B95: Quantum Nifty 50 ETF FOF | C95: Net Asset: | E95: Net Asset: | Q95: 3.525516e+08 | U95: 1

Sheet Equity
A1: QUANTUM MUTUAL FUND
A2: Holding Statement as on 30.06.2026
A3: Scheme Code | B3: Scheme Name | C3: Security Code | D3: ISIN | E3: Security Name | F3: Security Type | G3: Security Type Name | H3: Quantity | I3: Face Value Per Unit (Rs.) | J3: Previous Market Price | K3: Current Market Price | L3: Price Variance between Previous & Current (%) | M3: Quotation Currency | N3: Average Unit Cost (Rs.) | O3: Total Book Cost (Rs.) | P3: Ammortised Book Cost (Rs.) | Q3: Total Market Value (Rs.) | R3: Total Face Value (Rs.) | S3: Cummulative Unrealised Gain/(Loss) (Rs.) | T3: Unrealised Gain Loss for the Day (Rs.) | U3: Market Value as % of Net Asset | V3: Market Value as % of Total Investments | W3: Accrued Interest | X3: Accretion of Premium/Discount | Y3: Price Date | Z3: Rating | AA3: Coupon Rate | AB3: Previous IP Date | AC3: Next IP Date | AD3: Final Maturity | AE3: Residual Maturity Period (Days) | AF3: Maturity / Put / Call / Reset Option | AG3: Classification of Maturity / Put / Call / Reset Option | AH3: Listed / Unlisted | AI3: Illiquidty bps | AJ3: CBV Matrix | AK3: Sector / Industry Classification | AL3: Issuer Name | AM3: Exchange
A4: QESG | B4: QUANTUM ESG BEST IN CLASS STRATEGY FUND | C4: TRP_010726 | E4: TRP_010726 | F4: CBLO | G4: CBLO | H4: 186253.88 | I4: 100 | J4: 0 | K4: 100 | L4: 1 | M4: INR | N4: 99.985345 | O4: 18622658 | P4: 18625388 | Q4: 18625388 | R4: 18625388 | S4: 0 | T4: 0 | U4: 0.0203 | V4: 0.0203 | W4: 0 | X4: 2729.62 | Y4: 46203 | AC4: 46204 | AD4: 46204 | AE4: 1 | AF4: 46204 | AG4: MATURITY | AH4: UNLISTED | AK4: Others | AL4: Clearing Corporation of India Ltd | AM4: NSE
A5: QESG | B5: QUANTUM ESG BEST IN CLASS STRATEGY FUND | F5: CBLO TOTAL | O5: 18622658 | P5: 18625388 | Q5: 18625388 | S5: 0 | T5: 0 | U5: 0.0203 | V5: 0.0203 | W5: 0 | X5: 2729.62
A6: QESG | B6: QUANTUM ESG BEST IN CLASS STRATEGY FUND | C6: ABBP01 | D6: INE07Y701011 | E6: Hitachi Energy India Limited | F6: EQUITY | G6: Equity | H6: 619 | I6: 2 | J6: 34975 | K6: 34920 | L6: -0.0015750286 | M6: INR | N6: 13965.137 | O6: 8644420 | P6: 8644420 | Q6: 21615480 | R6: 1238 | S6: 12971060 | T6: -34045 | U6: 0.0235 | V6: 0.0235 | W6: 0 | X6: 0 | Y6: 46203 | AH6: LISTED | AK6: Electrical Equipment | AL6: Hitachi Energy India Limited | AM6: NSE
A7: QESG | B7: QUANTUM ESG BEST IN CLASS STRATEGY FUND | C7: AMBE01 | D7: INE371P01015 | E7: Amber Enterprises India Limited | F7: EQUITY | G7: Equity | H7: 2177 | I7: 10 | J7: 7413 | K7: 7530 | L7: 0.015537849 | M7: INR | N7: 6753.2216 | O7: 14701763 | P7: 14701763 | Q7: 16392810 | R7: 21770 | S7: 1691046.5 | T7: 254709 | U7: 0.0178 | V7: 0.0178 | W7: 0 | X7: 0 | Y7: 46203 | AH7: LISTED | AK7: Consumer Durables | AL7: Amber Enterprises India Limited | AM7: NSE
A8: QESG | B8: QUANTUM ESG BEST IN CLASS STRATEGY FUND | C8: ASEA02 | D8: INE117A01022 | E8: ABB India Ltd | F8: EQUITY | G8: Equity | H8: 1605 | I8: 2 | J8: 7128 | K8: 7031 | L8: -0.013796046 | M8: INR | N8: 5804.877 | O8: 9316827.6 | P8: 9316827.6 | Q8: 11284755 | R8: 3210 | S8: 1967927.4 | T8: -155685 | U8: 0.0123 | V8: 0.0123 | W8: 0 | X8: 0 | Y8: 46203 | AH8: LISTED | AK8: Electrical Equipment | AL8: ABB India Limited | AM8: NSE
A9: QESG | B9: QUANTUM ESG BEST IN CLASS STRATEGY FUND | C9: BAFL03 | D9: INE296A01032 | E9: Bajaj Finance Ltd | F9: EQUITY | G9: Equity | H9: 31356 | I9: 1 | J9: 982.05 | K9: 1004.75 | L9: 0.022592685 | M9: INR | N9: 785.44524 | O9: 24628421 | P9: 24628421 | Q9: 31504941 | R9: 31356 | S9: 6876520 | T9: 711781.2 | U9: 0.0343 | V9: 0.0343 | W9: 0 | X9: 0 | Y9: 46203 | AH9: LISTED | AK9: Finance | AL9: Bajaj Finance Limited | AM9: NSE
A10: QESG | B10: QUANTUM ESG BEST IN CLASS STRATEGY FUND | C10: BALN01 | D10: INE917I01010 | E10: Bajaj Auto Ltd | F10: EQUITY | G10: Equity | H10: 1444 | I10: 10 | J10: 9630 | K10: 9716 | L10: 0.0088513792 | M10: INR | N10: 6061.5101 | O10: 8752820.6 | P10: 8752820.6 | Q10: 14029904 | R10: 14440 | S10: 5277083.4 | T10: 124184 | U10: 0.0153 | V10: 0.0153 | W10: 0 | X10: 0 | Y10: 46203 | AH10: LISTED | AK10: Automobiles | AL10: Bajaj Auto Limited | AM10: NSE
A11: QESG | B11: QUANTUM ESG BEST IN CLASS STRATEGY FUND | C11: BFSL02 | D11: INE918I01026 | E11: Bajaj Finserv Ltd | F11: EQUITY | G11: Equity | H11: 9191 | I11: 1 | J11: 1759.3 | K11: 1780.2 | L11: 0.011740254 | M11: INR | N11: 1698.7827 | O11: 15613512 | P11: 15613512 | Q11: 16361818 | R11: 9191 | S11: 748305.98 | T11: 192091.9 | U11: 0.0178 | V11: 0.0178 | W11: 0 | X11: 0 | Y11: 46203 | AH11: LISTED | AK11: Finance | AL11: Bajaj Finserv Limited | AM11: NSE
A12: QESG | B12: QUANTUM ESG BEST IN CLASS STRATEGY FUND | C12: CAMS02 | D12: INE596I01020 | E12: Computer Age Management Services Limited | F12: EQUITY | G12: Equity | H12: 25258 | I12: 2 | J12: 788.65 | K12: 796.85 | L12: 0.010290519 | M12: INR | N12: 660.19809 | O12: 16675283 | P12: 16675283 | Q12: 20126837 | R12: 50516 | S12: 3451554 | T12: 207115.6 | U12: 0.0219 | V12: 0.0219 | W12: 0 | X12: 0 | Y12: 46203 | AH12: LISTED | AK12: Capital Markets | AL12: Computer Age Management Services Limited | AM12: NSE
A13: QESG | B13: QUANTUM ESG BEST IN CLASS STRATEGY FUND | C13: CAST03 | D13: INE172A01027 | E13: Castrol India Ltd | F13: EQUITY | G13: Equity | H13: 93125 | I13: 5 | J13: 185.1 | K13: 184.43 | L13: -0.0036328146 | M13: INR | N13: 155.89887 | O13: 14518082 | P13: 14518082 | Q13: 17175044 | R13: 465625 | S13: 2656961.8 | T13: -62393.75 | U13: 0.0187 | V13: 0.0187 | W13: 0 | X13: 0 | Y13: 46203 | AH13: LISTED | AK13: Petroleum Products | AL13: Castrol India Limited | AM13: NSE
A14: QESG | B14: QUANTUM ESG BEST IN CLASS STRATEGY FUND | C14: CDSL01 | D14: INE736A01011 | E14: Central Depository Services (India) Limited | F14: EQUITY | G14: Equity | H14: 14182 | I14: 10 | J14: 1297.9 | K14: 1305.5 | L14: 0.0058215243 | M14: INR | N14: 876.57056 | O14: 12431524 | P14: 12431524 | Q14: 18514601 | R14: 141820 | S14: 6083077.3 | T14: 107783.2 | U14: 0.0201 | V14: 0.0202 | W14: 0 | X14: 0 | Y14: 46203 | AH14: LISTED | AK14: Capital Markets | AL14: Central Depository Services (India) Limited | AM14: NSE
A15: QESG | B15: QUANTUM ESG BEST IN CLASS STRATEGY FUND | C15: CGCE01 | D15: INE299U01018 | E15: Crompton Greaves Consumer Electricals Limited | F15: EQUITY | G15: Equity | H15: 59398 | I15: 2 | J15: 273.5 | K15: 274.75 | L15: 0.0045495905 | M15: INR | N15: 339.13481 | O15: 20143929 | P15: 20143929 | Q15: 16319600 | R15: 118796 | S15: -3824328.9 | T15: 74247.5 | U15: 0.0178 | V15: 0.0178 | W15: 0 | X15: 0 | Y15: 46203 | AH15: LISTED | AK15: Consumer Durables | AL15: Crompton Greaves Consumer Electricals Limited | AM15: NSE
A16: QESG | B16: QUANTUM ESG BEST IN CLASS STRATEGY FUND | C16: COLG02 | D16: INE259A01022 | E16: Colgate Palmolive India Ltd | F16: EQUITY | G16: Equity | H16: 4373 | I16: 1 | J16: 1999.2 | K16: 1997.9 | L16: -0.00065068322 | M16: INR | N16: 1594.8072 | O16: 6974091.8 | P16: 6974091.8 | Q16: 8736816.7 | R16: 4373 | S16: 1762724.9 | T16: -5684.9 | U16: 0.0095 | V16: 0.0095 | W16: 0 | X16: 0 | Y16: 46203 | AH16: LISTED | AK16: Personal Products | AL16: Colgate Palmolive (India) Limited | AM16: NSE
A17: QESG | B17: QUANTUM ESG BEST IN CLASS STRATEGY FUND | C17: DIXO02 | D17: INE935N01020 | E17: Dixon Technologies (India) Limited | F17: EQUITY | G17: Equity | H17: 722 | I17: 2 | J17: 11805 | K17: 11920 | L17: 0.009647651 | M17: INR | N17: 14530.504 | O17: 10491024 | P17: 10491024 | Q17: 8606240 | R17: 1444 | S17: -1884784 | T17: 83030 | U17: 0.0094 | V17: 0.0094 | W17: 0 | X17: 0 | Y17: 46203 | AH17: LISTED | AK17: Consumer Durables | AL17: Dixon Technologies (India) Limited | AM17: NSE
... A57: QESG | B57: QUANTUM ESG BEST IN CLASS STRATEGY FUND | C57: WIPR02 | D57: INE075A01022 | E57: Wipro Ltd | F57: EQUITY | G57: Equity | H57: 27287 | I57: 2 | J57: 175.48 | K57: 170.39 | L57: -0.029872645 | M57: INR | N57: 211.4522 | O57: 5769896.2 | P57: 5769896.2 | Q57: 4649431.9 | R57: 54574 | S57: -1120464.3 | T57: -138890.83 | U57: 0.0051 | V57: 0.0051 | W57: 0 | X57: 0 | Y57: 46203 | AH57: LISTED | AK57: IT - Software | AL57: Wipro Limited | AM57: NSE
A58: QESG | B58: QUANTUM ESG BEST IN CLASS STRATEGY FUND | F58: EQUITY TOTAL | O58: 7.4821476e+08 | P58: 7.4821476e+08 | Q58: 9.0006856e+08 | S58: 1.518538e+08 | T58: -27299.29 | U58: 0.9793 | V58: 0.9797 | W58: 0 | X58: 0
A59: QESG | B59: QUANTUM ESG BEST IN CLASS STRATEGY FUND | C59: Cash & Cash Equivalent: | E59: Cash & Cash Equivalent: | Q59: 357492.16 | U59: 0.0004
A60: QESG | B60: QUANTUM ESG BEST IN CLASS STRATEGY FUND | C60: Net Asset: | E60: Net Asset: | Q60: 9.1905144e+08 | U60: 1
A62: QETHICAL | B62: Quantum Ethical Fund | C62: ABBP01 | D62: INE07Y701011 | E62: Hitachi Energy India Limited | F62: EQUITY | G62: Equity | H62: 1253 | I62: 2 | J62: 34975 | K62: 34920 | L62: -0.0015750286 | M62: INR | N62: 15283.543 | O62: 19150279 | P62: 19150279 | Q62: 43754760 | R62: 2506 | S62: 24604481 | T62: -68915 | U62: 0.0394 | V62: 0.0424 | W62: 0 | X62: 0 | Y62: 46203 | AH62: LISTED | AK62: Electrical Equipment | AL62: Hitachi Energy India Limited | AM62: NSE
A63: QETHICAL | B63: Quantum Ethical Fund | C63: AMBE01 | D63: INE371P01015 | E63: Amber Enterprises India Limited | F63: EQUITY | G63: Equity | H63: 3925 | I63: 10 | J63: 7413 | K63: 7530 | L63: 0.015537849 | M63: INR | N63: 6828.3472 | O63: 26801263 | P63: 26801263 | Q63: 29555250 | R63: 39250 | S63: 2753987.2 | T63: 459225 | U63: 0.0266 | V63: 0.0286 | W63: 0 | X63: 0 | Y63: 46203 | AH63: LISTED | AK63: Consumer Durables | AL63: Amber Enterprises India Limited | AM63: NSE
A64: QETHICAL | B64: Quantum Ethical Fund | C64: ASEA02 | D64: INE117A01022 | E64: ABB India Ltd | F64: EQUITY | G64: Equity | H64: 3732 | I64: 2 | J64: 7128 | K64: 7031 | L64: -0.013796046 | M64: INR | N64: 6344.8316 | O64: 23678912 | P64: 23678912 | Q64: 26239692 | R64: 7464 | S64: 2560780.5 | T64: -348957.99 | U64: 0.0237 | V64: 0.0254 | W64: 0 | X64: 0 | Y64: 46203 | AH64: LISTED | AK64: Electrical Equipment | AL64: ABB India Limited | AM64: NSE
A65: QETHICAL | B65: Quantum Ethical Fund | C65: BALN01 | D65: INE917I01010 | E65: Bajaj Auto Ltd | F65: EQUITY | G65: Equity | H65: 2935 | I65: 10 | J65: 9630 | K65: 9716 | L65: 0.0088513792 | M65: INR | N65: 8958.9691 | O65: 26294574 | P65: 26294574 | Q65: 28516460 | R65: 29350 | S65: 2221885.6 | T65: 252410 | U65: 0.0257 | V65: 0.0276 | W65: 0 | X65: 0 | Y65: 46203 | AH65: LISTED | AK65: Automobiles | AL65: Bajaj Auto Limited | AM65: NSE
A66: QETHICAL | B66: Quantum Ethical Fund | C66: BFLS01 | D66: INE356A01018 | E66: Mphasis Ltd | F66: EQUITY | G66: Equity | H66: 5407 | I66: 10 | J66: 2207.8 | K66: 2161.6 | L66: -0.021373057 | M66: INR | N66: 2735.9234 | O66: 14793138 | P66: 14793138 | Q66: 11687771 | R66: 54070 | S66: -3105366.8 | T66: -249803.4 | U66: 0.0105 | V66: 0.0113 | W66: 0 | X66: 0 | Y66: 46203 | AH66: LISTED | AK66: IT - Software | AL66: Mphasis Limited | AM66: NSE
A67: QETHICAL | B67: Quantum Ethical Fund | C67: BORL01 | D67: INE02PY01013 | E67: Borosil Limited | F67: EQUITY | G67: Equity | H67: 41023 | I67: 1 | J67: 234.25 | K67: 233.23 | L67: -0.0043733653 | M67: INR | N67: 324.47061 | O67: 13310758 | P67: 13310758 | Q67: 9567794.3 | R67: 41023 | S67: -3742963.7 | T67: -41843.46 | U67: 0.0086 | V67: 0.0093 | W67: 0 | X67: 0 | Y67: 46203 | AH67: LISTED | AK67: Consumer Durables | AL67: Borosil Limited | AM67: NSE
A68: QETHICAL | B68: Quantum Ethical Fund | C68: CAMS02 | D68: INE596I01020 | E68: Computer Age Management Services Limited | F68: EQUITY | G68: Equity | H68: 38489 | I68: 2 | J68: 788.65 | K68: 796.85 | L68: 0.010290519 | M68: INR | N68: 807.81451 | O68: 31091973 | P68: 31091973 | Q68: 30669960 | R68: 76978 | S68: -422013.18 | T68: 315609.8 | U68: 0.0276 | V68: 0.0297 | W68: 0 | X68: 0 | Y68: 46203 | AH68: LISTED | AK68: Capital Markets | AL68: Computer Age Management Services Limited | AM68: NSE
A69: QETHICAL | B69: Quantum Ethical Fund | C69: CAST03 | D69: INE172A01027 | E69: Castrol India Ltd | F69: EQUITY | G69: Equity | H69: 189060 | I69: 5 | J69: 185.1 | K69: 184.43 | L69: -0.0036328146 | M69: INR | N69: 196.80254 | O69: 37207488 | P69: 37207488 | Q69: 34868336 | R69: 945300 | S69: -2339152.4 | T69: -126670.2 | U69: 0.0314 | V69: 0.0338 | W69: 0 | X69: 0 | Y69: 46203 | AH69: LISTED | AK69: Petroleum Products | AL69: Castrol India Limited | AM69: NSE
A70: QETHICAL | B70: Quantum Ethical Fund | C70: CDSL01 | D70: INE736A01011 | E70: Central Depository Services (India) Limited | F70: EQUITY | G70: Equity | H70: 17186 | I70: 10 | J70: 1297.9 | K70: 1305.5 | L70: 0.0058215243 | M70: INR | N70: 1535.4255 | O70: 26387822 | P70: 26387822 | Q70: 22436323 | R70: 171860 | S70: -3951499.1 | T70: 130613.6 | U70: 0.0202 | V70: 0.0217 | W70: 0 | X70: 0 | Y70: 46203 | AH70: LISTED | AK70: Capital Markets | AL70: Central Depository Services (India) Limited | AM70: NSE
A71: QETHICAL | B71: Quantum Ethical Fund | C71: CGCE01 | D71: INE299U01018 | E71: Crompton Greaves Consumer Electricals Limited | F71: EQUITY | G71: Equity | H71: 113440 | I71: 2 | J71: 273.5 | K71: 274.75 | L71: 0.0045495905 | M71: INR | N71: 309.14667 | O71: 35069599 | P71: 35069599 | Q71: 31167640 | R71: 226880 | S71: -3901958.5 | T71: 141800 | U71: 0.0281 | V71: 0.0302 | W71: 0 | X71: 0 | Y71: 46203 | AH71: LISTED | AK71: Consumer Durables | AL71: Crompton Greaves Consumer Electricals Limited | AM71: NSE
A72: QETHICAL | B72: Quantum Ethical Fund | C72: DIXO02 | D72: INE935N01020 | E72: Dixon Technologies (India) Limited | F72: EQUITY | G72: Equity | H72: 752 | I72: 2 | J72: 11805 | K72: 11920 | L72: 0.009647651 | M72: INR | N72: 14428.794 | O72: 10850453 | P72: 10850453 | Q72: 8963840 | R72: 1504 | S72: -1886613 | T72: 86480 | U72: 0.0081 | V72: 0.0087 | W72: 0 | X72: 0 | Y72: 46203 | AH72: LISTED | AK72: Consumer Durables | AL72: Dixon Technologies (India) Limited | AM72: NSE
A73: QETHICAL | B73: Quantum Ethical Fund | C73: DLPL01 | D73: INE600L01024 | E73: Dr. Lal Pathlabs Limited | F73: EQUITY | G73: Equity | H73: 19626 | I73: 10 | J73: 1647 | K73: 1646.2 | L73: -0.00048596768 | M73: INR | N73: 1503.3754 | O73: 29505245 | P73: 29505245 | Q73: 32308321 | R73: 196260 | S73: 2803076.3 | T73: -15700.8 | U73: 0.0291 | V73: 0.0313 | W73: 0 | X73: 0 | Y73: 46203 | AH73: LISTED | AK73: Healthcare Services | AL73: Dr. Lal Path Labs Limited | AM73: NSE
... A106: QETHICAL | B106: Quantum Ethical Fund | C106: VSNL01 | D106: INE151A01013 | E106: Tata Communications Ltd | F106: EQUITY | G106: Equity | H106: 6861 | I106: 10 | J106: 1993.4 | K106: 1970.6 | L106: -0.01157008 | M106: INR | N106: 1696.1644 | O106: 11637384 | P106: 11637384 | Q106: 13520287 | R106: 68610 | S106: 1882902.7 | T106: -156430.8 | U106: 0.0122 | V106: 0.0131 | W106: 0 | X106: 0 | Y106: 46203 | AH106: LISTED | AK106: Telecom - Services | AL106: Tata Communications Limited | AM106: NSE
A107: QETHICAL | B107: Quantum Ethical Fund | F107: EQUITY TOTAL | O107: 1.0572231e+09 | P107: 1.0572231e+09 | Q107: 1.0325559e+09 | S107: -24667250 | T107: -3134576.8 | U107: 0.9306 | V107: 1 | W107: 0 | X107: 0
A108: QETHICAL | B108: Quantum Ethical Fund | C108: Cash & Cash Equivalent: | E108: Cash & Cash Equivalent: | Q108: 76810007 | U108: 0.0694
A109: QETHICAL | B109: Quantum Ethical Fund | C109: Net Asset: | E109: Net Asset: | Q109: 1.1093659e+09 | U109: 1
A111: QIF | B111: QUANTUM NIFTY 50 ETF | C111: TRP_010726 | E111: TRP_010726 | F111: CBLO | G111: CBLO | H111: 167.14 | I111: 100 | J111: 0 | K111: 100 | L111: 1 | M111: INR | N111: 99.985342 | O111: 16711.55 | P111: 16714 | Q111: 16714 | R111: 16714 | S111: 0 | T111: 0 | U111: 0 | V111: 0 | W111: 0 | X111: 2.45 | Y111: 46203 | AC111: 46204 | AD111: 46204 | AE111: 1 | AF111: 46204 | AG111: MATURITY | AH111: UNLISTED | AK111: Others | AL111: Clearing Corporation of India Ltd | AM111: NSE
A112: QIF | B112: QUANTUM NIFTY 50 ETF | F112: CBLO TOTAL | O112: 16711.55 | P112: 16714 | Q112: 16714 | S112: 0 | T112: 0 | U112: 0 | V112: 0 | W112: 0 | X112: 2.45
A113: QIF | B113: QUANTUM NIFTY 50 ETF | C113: ADAN02 | D113: INE423A01024 | E113: Adani Enterprises Ltd | F113: EQUITY | G113: Equity | H113: 1634 | I113: 1 | J113: 2962.5 | K113: 3036 | L113: 0.024209486 | M113: INR | N113: 2662.1605 | O113: 4349970.3 | P113: 4349970.3 | Q113: 4960824 | R113: 1634 | S113: 610853.67 | T113: 120099 | U113: 0.0079 | V113: 0.0079 | W113: 0 | X113: 0 | Y113: 46203 | AH113: LISTED | AK113: Metals & Minerals Trading | AL113: Adani Enterprises Limited | AM113: NSE
A114: QIF | B114: QUANTUM NIFTY 50 ETF | C114: APOL02 | D114: INE437A01024 | E114: Apollo Hospitals Enterprise Limited | F114: EQUITY | G114: Equity | H114: 586 | I114: 5 | J114: 8655 | K114: 8682 | L114: 0.0031098825 | M114: INR | N114: 5356.6435 | O114: 3138993.1 | P114: 3138993.1 | Q114: 5087652 | R114: 2930 | S114: 1948658.9 | T114: 15822 | U114: 0.0081 | V114: 0.0081 | W114: 0 | X114: 0 | Y114: 46203 | AH114: LISTED | AK114: Healthcare Services | AL114: Apollo Hospitals Enterprise Limited | AM114: NSE
A115: QIF | B115: QUANTUM NIFTY 50 ETF | C115: ASPA02 | D115: INE021A01026 | E115: Asian Paints Ltd | F115: EQUITY | G115: Equity | H115: 2578 | I115: 1 | J115: 2656.9 | K115: 2635.7 | L115: -0.008043404 | M115: INR | N115: 2670.7608 | O115: 6885221.4 | P115: 6885221.4 | Q115: 6794834.6 | R115: 2578 | S115: -90386.78 | T115: -54653.6 | U115: 0.0108 | V115: 0.0109 | W115: 0 | X115: 0 | Y115: 46203 | AH115: LISTED | AK115: Consumer Durables | AL115: Asian Paints Limited | AM115: NSE
A116: QIF | B116: QUANTUM NIFTY 50 ETF | C116: BAFL03 | D116: INE296A01032 | E116: Bajaj Finance Ltd | F116: EQUITY | G116: Equity | H116: 15292 | I116: 1 | J116: 982.05 | K116: 1004.75 | L116: 0.022592685 | M116: INR | N116: 686.30358 | O116: 10494954 | P116: 10494954 | Q116: 15364637 | R116: 15292 | S116: 4869682.7 | T116: 347128.4 | U116: 0.0245 | V116: 0.0246 | W116: 0 | X116: 0 | Y116: 46203 | AH116: LISTED | AK116: Finance | AL116: Bajaj Finance Limited | AM116: NSE
A117: QIF | B117: QUANTUM NIFTY 50 ETF | C117: BALN01 | D117: INE917I01010 | E117: Bajaj Auto Ltd | F117: EQUITY | G117: Equity | H117: 632 | I117: 10 | J117: 9630 | K117: 9716 | L117: 0.0088513792 | M117: INR | N117: 5708.6896 | O117: 3607891.8 | P117: 3607891.8 | Q117: 6140512 | R117: 6320 | S117: 2532620.2 | T117: 54352 | U117: 0.0098 | V117: 0.0098 | W117: 0 | X117: 0 | Y117: 46203 | AH117: LISTED | AK117: Automobiles | AL117: Bajaj Auto Limited | AM117: NSE
A118: QIF | B118: QUANTUM NIFTY 50 ETF | C118: BFSL02 | D118: INE918I01026 | E118: Bajaj Finserv Ltd | F118: EQUITY | G118: Equity | H118: 3291 | I118: 1 | J118: 1759.3 | K118: 1780.2 | L118: 0.011740254 | M118: INR | N118: 1497.794 | O118: 4929240.2 | P118: 4929240.2 | Q118: 5858638.2 | R118: 3291 | S118: 929398.04 | T118: 68781.9 | U118: 0.0093 | V118: 0.0094 | W118: 0 | X118: 0 | Y118: 46203 | AH118: LISTED | AK118: Finance | AL118: Bajaj Finserv Limited | AM118: NSE
A119: QIF | B119: QUANTUM NIFTY 50 ETF | C119: BHEL02 | D119: INE263A01024 | E119: Bharat Electronics Ltd | F119: EQUITY | G119: Equity | H119: 20419 | I119: 1 | J119: 411.6 | K119: 411.8 | L119: 0.00048567266 | M119: INR | N119: 311.41266 | O119: 6358735.2 | P119: 6358735.2 | Q119: 8408544.2 | R119: 20419 | S119: 2049809 | T119: 4083.8 | U119: 0.0134 | V119: 0.0135 | W119: 0 | X119: 0 | Y119: 46203 | AH119: LISTED | AK119: Aerospace & Defense | AL119: Bharat Electronics Limited | AM119: NSE
A120: QIF | B120: QUANTUM NIFTY 50 ETF | C120: BTVL02 | D120: INE397D01024 | E120: Bharti Airtel Ltd | F120: EQUITY | G120: Equity | H120: 17443 | I120: 5 | J120: 1841.1 | K120: 1852 | L120: 0.0058855292 | M120: INR | N120: 1178.4938 | O120: 20556468 | P120: 20556468 | Q120: 32304436 | R120: 87215 | S120: 11747968 | T120: 91400.38 | U120: 0.0515 | V120: 0.0517 | W120: 0 | X120: 0 | Y120: 46203 | AH120: LISTED | AK120: Telecom - Services | AL120: Bharti Airtel Limited | AM120: NSE
A121: QIF | B121: QUANTUM NIFTY 50 ETF | C121: CIPL03 | D121: INE059A01026 | E121: Cipla Ltd | F121: EQUITY | G121: Equity | H121: 3207 | I121: 2 | J121: 1454.1 | K121: 1465.4 | L121: 0.0077112051 | M121: INR | N121: 1118.4309 | O121: 3586807.9 | P121: 3586807.9 | Q121: 4699537.8 | R121: 6414 | S121: 1112729.9 | T121: 36239.1 | U121: 0.0075 | V121: 0.0075 | W121: 0 | X121: 0 | Y121: 46203 | AH121: LISTED | AK121: Pharmaceuticals & Biotechnology | AL121: Cipla Limited | AM121: NSE
A122: QIF | B122: QUANTUM NIFTY 50 ETF | C122: COAL01 | D122: INE522F01014 | E122: Coal India Ltd | F122: EQUITY | G122: Equity | H122: 13543 | I122: 10 | J122: 444.85 | K122: 439.05 | L122: -0.013210341 | M122: INR | N122: 295.10158 | O122: 3996560.8 | P122: 3996560.8 | Q122: 5946054.2 | R122: 135430 | S122: 1949493.4 | T122: -75166 | U122: 0.0095 | V122: 0.0095 | W122: 0 | X122: 0 | Y122: 46203 | AH122: LISTED | AK122: Consumable Fuels | AL122: Coal India Limited | AM122: NSE
A123: QIF | B123: QUANTUM NIFTY 50 ETF | C123: DRRL03 | D123: INE089A01031 | E123: Dr Reddys Laboratories Ltd | F123: EQUITY | G123: Equity | H123: 3475 | I123: 1 | J123: 1375.7 | K123: 1357.1 | L123: -0.013705696 | M123: INR | N123: 961.06 | O123: 3339683.5 | P123: 3339683.5 | Q123: 4715922.5 | R123: 3475 | S123: 1376239 | T123: -64635 | U123: 0.0075 | V123: 0.0075 | W123: 0 | X123: 0 | Y123: 46203 | AH123: LISTED | AK123: Pharmaceuticals & Biotechnology | AL123: Dr. Reddy's Laboratories Limited | AM123: NSE
A124: QIF | B124: QUANTUM NIFTY 50 ETF | C124: EIML02 | D124: INE066A01021 | E124: Eicher Motors Limited | F124: EQUITY | G124: Equity | H124: 784 | I124: 1 | J124: 7426 | K124: 7073.5 | L124: -0.049833887 | M124: INR | N124: 3876.6446 | O124: 3039289.3 | P124: 3039289.3 | Q124: 5545624 | R124: 784 | S124: 2506334.7 | T124: -276360 | U124: 0.0088 | V124: 0.0089 | W124: 0 | X124: 0 | Y124: 46203 | AH124: LISTED | AK124: Automobiles | AL124: Eicher Motors Limited | AM124: NSE
... A162: QIF | B162: QUANTUM NIFTY 50 ETF | C162: ZMPL01 | D162: INE758T01015 | E162: Eternal Limited | F162: EQUITY | G162: Equity | H162: 41066 | I162: 1 | J162: 259.4 | K162: 264.6 | L162: 0.019652305 | M162: INR | N162: 220.6904 | O162: 9062871.8 | P162: 9062871.8 | Q162: 10866064 | R162: 41066 | S162: 1803191.8 | T162: 213543.2 | U162: 0.0173 | V162: 0.0174 | W162: 0 | X162: 0 | Y162: 46203 | AH162: LISTED | AK162: Retailing | AL162: Eternal Limited | AM162: NSE
A163: QIF | B163: QUANTUM NIFTY 50 ETF | F163: EQUITY TOTAL | O163: 5.0328557e+08 | P163: 5.0328557e+08 | Q163: 6.2484111e+08 | S163: 1.2155554e+08 | T163: -2201764.3 | U163: 0.996 | V163: 1.0001 | W163: 0 | X163: 0
A164: QIF | B164: QUANTUM NIFTY 50 ETF | C164: Cash & Cash Equivalent: | E164: Cash & Cash Equivalent: | Q164: 2201814.3 | U164: 0.004
A165: QIF | B165: QUANTUM NIFTY 50 ETF | C165: Net Asset: | E165: Net Asset: | Q165: 6.2705964e+08 | U165: 1
A167: QLTEF | B167: QUANTUM VALUE FUND | C167: TRP_010726 | E167: TRP_010726 | F167: CBLO | G167: CBLO | H167: 7254588.9 | I167: 100 | J167: 0 | K167: 100 | L167: 1 | M167: INR | N167: 99.985106 | O167: 7.2535084e+08 | P167: 725458893 | Q167: 725458893 | R167: 725458893 | S167: 0 | T167: 0 | U167: 0.0655 | V167: 0.0655 | W167: 0 | X167: 108050.9 | Y167: 46203 | AC167: 46204 | AD167: 46204 | AE167: 1 | AF167: 46204 | AG167: MATURITY | AH167: UNLISTED | AK167: Others | AL167: Clearing Corporation of India Ltd | AM167: NSE
A168: QLTEF | B168: QUANTUM VALUE FUND | F168: CBLO TOTAL | O168: 7.2535084e+08 | P168: 725458893 | Q168: 725458893 | S168: 0 | T168: 0 | U168: 0.0655 | V168: 0.0655 | W168: 0 | X168: 108050.9
A169: QLTEF | B169: QUANTUM VALUE FUND | C169: BALN01 | D169: INE917I01010 | E169: Bajaj Auto Ltd | F169: EQUITY | G169: Equity | H169: 16683 | I169: 10 | J169: 9630 | K169: 9716 | L169: 0.0088513792 | M169: INR | N169: 2562.4169 | O169: 42748801 | P169: 42748801 | Q169: 162092028 | R169: 166830 | S169: 1.1934323e+08 | T169: 1434738 | U169: 0.0146 | V169: 0.0146 | W169: 0 | X169: 0 | Y169: 46203 | AH169: LISTED | AK169: Automobiles | AL169: Bajaj Auto Limited | AM169: NSE
A170: QLTEF | B170: QUANTUM VALUE FUND | C170: BSLM02 | D170: INE404A01024 | E170: Aditya Birla Sun Life AMC Limited | F170: EQUITY | G170: Equity | H170: 226011 | I170: 5 | J170: 1170.8 | K170: 1154.7 | L170: -0.013943016 | M170: INR | N170: 506.99018 | O170: 1.1458536e+08 | P170: 1.1458536e+08 | Q170: 2.609749e+08 | R170: 1130055 | S170: 1.4638954e+08 | T170: -3638777.1 | U170: 0.0236 | V170: 0.0236 | W170: 0 | X170: 0 | Y170: 46203 | AH170: LISTED | AK170: Capital Markets | AL170: Aditya Birla Sun Life AMC Limited | AM170: NSE
A171: QLTEF | B171: QUANTUM VALUE FUND | C171: BTVL02 | D171: INE397D01024 | E171: Bharti Airtel Ltd | F171: EQUITY | G171: Equity | H171: 184962 | I171: 5 | J171: 1841.1 | K171: 1852 | L171: 0.0058855292 | M171: INR | N171: 724.12906 | O171: 1.3393636e+08 | P171: 1.3393636e+08 | Q171: 342549624 | R171: 924810 | S171: 2.0861326e+08 | T171: 2016085.8 | U171: 0.0309 | V171: 0.0309 | W171: 0 | X171: 0 | Y171: 46203 | AH171: LISTED | AK171: Telecom - Services | AL171: Bharti Airtel Limited | AM171: NSE
A172: QLTEF | B172: QUANTUM VALUE FUND | C172: CCOI02 | D172: INE111A01025 | E172: Container Corporation of India Ltd | F172: EQUITY | G172: Equity | H172: 729693 | I172: 5 | J172: 471 | K172: 475.25 | L172: 0.0089426618 | M172: INR | N172: 525.15983 | O172: 3.8320545e+08 | P172: 3.8320545e+08 | Q172: 3.467866e+08 | R172: 3648465 | S172: -36418851 | T172: 3101195.2 | U172: 0.0313 | V172: 0.0313 | W172: 0 | X172: 0 | Y172: 46203 | AH172: LISTED | AK172: Transport Services | AL172: Container Corporation of India Limited | AM172: NSE
A173: QLTEF | B173: QUANTUM VALUE FUND | C173: CGCE01 | D173: INE299U01018 | E173: Crompton Greaves Consumer Electricals Limited | F173: EQUITY | G173: Equity | H173: 1463120 | I173: 2 | J173: 273.5 | K173: 274.75 | L173: 0.0045495905 | M173: INR | N173: 282.00249 | O173: 4.1260348e+08 | P173: 4.1260348e+08 | Q173: 401992220 | R173: 2926240 | S173: -10611259 | T173: 1828900 | U173: 0.0363 | V173: 0.0363 | W173: 0 | X173: 0 | Y173: 46203 | AH173: LISTED | AK173: Consumer Durables | AL173: Crompton Greaves Consumer Electricals Limited | AM173: NSE
A174: QLTEF | B174: QUANTUM VALUE FUND | C174: CHLO02 | D174: INE302A01020 | E174: Exide Industries Ltd | F174: EQUITY | G174: Equity | H174: 967937 | I174: 1 | J174: 386.55 | K174: 387.6 | L174: 0.0027089783 | M174: INR | N174: 328.08413 | O174: 3.1756477e+08 | P174: 3.1756477e+08 | Q174: 3.7517238e+08 | R174: 967937 | S174: 57607613 | T174: 1016333.8 | U174: 0.0339 | V174: 0.0339 | W174: 0 | X174: 0 | Y174: 46203 | AH174: LISTED | AK174: Auto Components | AL174: Exide Industries Limited | AM174: NSE
A175: QLTEF | B175: QUANTUM VALUE FUND | C175: CIPL03 | D175: INE059A01026 | E175: Cipla Ltd | F175: EQUITY | G175: Equity | H175: 221913 | I175: 2 | J175: 1454.1 | K175: 1465.4 | L175: 0.0077112051 | M175: INR | N175: 561.59414 | O175: 1.2462504e+08 | P175: 1.2462504e+08 | Q175: 3.2519131e+08 | R175: 443826 | S175: 2.0056627e+08 | T175: 2507616.9 | U175: 0.0294 | V175: 0.0294 | W175: 0 | X175: 0 | Y175: 46203 | AH175: LISTED | AK175: Pharmaceuticals & Biotechnology | AL175: Cipla Limited | AM175: NSE
A176: QLTEF | B176: QUANTUM VALUE FUND | C176: CMSI01 | D176: INE925R01014 | E176: CMS Info System Limited | F176: EQUITY | G176: Equity | H176: 867192 | I176: 10 | J176: 294.25 | K176: 280.6 | L176: -0.048645759 | M176: INR | N176: 345.18943 | O176: 2.9934551e+08 | P176: 2.9934551e+08 | Q176: 2.4333408e+08 | R176: 8671920 | S176: -56011438 | T176: -11837171 | U176: 0.022 | V176: 0.022 | W176: 0 | X176: 0 | Y176: 46203 | AH176: LISTED | AK176: Commercial Services & Supplies | AL176: CMS Info System Limited | AM176: NSE
A177: QLTEF | B177: QUANTUM VALUE FUND | C177: DRRL03 | D177: INE089A01031 | E177: Dr Reddys Laboratories Ltd | F177: EQUITY | G177: Equity | H177: 200371 | I177: 1 | J177: 1375.7 | K177: 1357.1 | L177: -0.013705696 | M177: INR | N177: 1176.2341 | O177: 2.3568319e+08 | P177: 2.3568319e+08 | Q177: 2.7192348e+08 | R177: 200371 | S177: 36240289 | T177: -3726900.6 | U177: 0.0245 | V177: 0.0246 | W177: 0 | X177: 0 | Y177: 46203 | AH177: LISTED | AK177: Pharmaceuticals & Biotechnology | AL177: Dr. Reddy's Laboratories Limited | AM177: NSE
A178: QLTEF | B178: QUANTUM VALUE FUND | C178: GAIL01 | D178: INE129A01019 | E178: Gail (India) Ltd | F178: EQUITY | G178: Equity | H178: 1763025 | I178: 10 | J178: 172.22 | K178: 173.46 | L178: 0.0071486222 | M178: INR | N178: 120.15667 | O178: 2.1183922e+08 | P178: 2.1183922e+08 | Q178: 3.0581432e+08 | R178: 17630250 | S178: 93975099 | T178: 2186151 | U178: 0.0276 | V178: 0.0276 | W178: 0 | X178: 0 | Y178: 46203 | AH178: LISTED | AK178: Gas | AL178: GAIL (India) Limited | AM178: NSE
A179: QLTEF | B179: QUANTUM VALUE FUND | C179: GGLT02 | D179: INE844O01030 | E179: Gujarat Gas Ltd | F179: EQUITY | G179: Equity | H179: 511054 | I179: 2 | J179: 335.3 | K179: 327.05 | L179: -0.025225501 | M179: INR | N179: 292.43945 | O179: 1.4945235e+08 | P179: 1.4945235e+08 | Q179: 1.6714021e+08 | R179: 1022108 | S179: 17687858 | T179: -4216195.5 | U179: 0.0151 | V179: 0.0151 | W179: 0 | X179: 0 | Y179: 46203 | AH179: LISTED | AK179: Gas | AL179: Gujarat Gas Limited | AM179: NSE
A180: QLTEF | B180: QUANTUM VALUE FUND | C180: GODP02 | D180: INE484J01027 | E180: Godrej Properties Ltd | F180: EQUITY | G180: Equity | H180: 144214 | I180: 5 | J180: 1830.1 | K180: 1866.6 | L180: 0.01955427 | M180: INR | N180: 1506.4875 | O180: 2.1725659e+08 | P180: 2.1725659e+08 | Q180: 2.6918985e+08 | R180: 721070 | S180: 51933262 | T180: 5263811 | U180: 0.0243 | V180: 0.0243 | W180: 0 | X180: 0 | Y180: 46203 | AH180: LISTED | AK180: Realty | AL180: Godrej Properties Limited | AM180: NSE
... A199: QLTEF | B199: QUANTUM VALUE FUND | C199: WIPR02 | D199: INE075A01022 | E199: Wipro Ltd | F199: EQUITY | G199: Equity | H199: 1636426 | I199: 2 | J199: 175.48 | K199: 170.39 | L199: -0.029872645 | M199: INR | N199: 170.92316 | O199: 2.797031e+08 | P199: 2.797031e+08 | Q199: 2.7883063e+08 | R199: 3272852 | S199: -872470.1 | T199: -8329408.3 | U199: 0.0252 | V199: 0.0252 | W199: 0 | X199: 0 | Y199: 46203 | AH199: LISTED | AK199: IT - Software | AL199: Wipro Limited | AM199: NSE
A200: QLTEF | B200: QUANTUM VALUE FUND | F200: EQUITY TOTAL | O200: 7.9120191e+09 | P200: 7.9120191e+09 | Q200: 1.0344818e+10 | S200: 2.4327993e+09 | T200: -72427000 | U200: 0.9339 | V200: 0.9344 | W200: 0 | X200: 0
A201: QLTEF | B201: QUANTUM VALUE FUND | C201: Cash & Cash Equivalent: | E201: Cash & Cash Equivalent: | Q201: 7394690.9 | U201: 0.0006
A202: QLTEF | B202: QUANTUM VALUE FUND | C202: Net Asset: | E202: Net Asset: | Q202: 1.1077672e+10 | U202: 1
A204: QMULTI | B204: Quantum Multi Asset Allocation Fund | C204: TRP_010726 | E204: TRP_010726 | F204: CBLO | G204: CBLO | H204: 145585.07 | I204: 100 | J204: 0 | K204: 100 | L204: 1 | M204: INR | N204: 99.985345 | O204: 14556373 | P204: 14558507 | Q204: 14558507 | R204: 14558507 | S204: 0 | T204: 0 | U204: 0.0255 | V204: 0.0256 | W204: 0 | X204: 2133.61 | Y204: 46203 | AC204: 46204 | AD204: 46204 | AE204: 1 | AF204: 46204 | AG204: MATURITY | AH204: UNLISTED | AK204: Others | AL204: Clearing Corporation of India Ltd | AM204: NSE
A205: QMULTI | B205: Quantum Multi Asset Allocation Fund | F205: CBLO TOTAL | O205: 14556373 | P205: 14558507 | Q205: 14558507 | S205: 0 | T205: 0 | U205: 0.0255 | V205: 0.0256 | W205: 0 | X205: 2133.61
A206: QMULTI | B206: Quantum Multi Asset Allocation Fund | C206: ASPA02 | D206: INE021A01026 | E206: Asian Paints Ltd | F206: EQUITY | G206: Equity | H206: 1028 | I206: 1 | J206: 2656.9 | K206: 2635.7 | L206: -0.008043404 | M206: INR | N206: 2551.9564 | O206: 2623411.1 | P206: 2623411.1 | Q206: 2709499.6 | R206: 1028 | S206: 86088.47 | T206: -21793.6 | U206: 0.0048 | V206: 0.0048 | W206: 0 | X206: 0 | Y206: 46203 | AH206: LISTED | AK206: Consumer Durables | AL206: Asian Paints Limited | AM206: NSE
A207: QMULTI | B207: Quantum Multi Asset Allocation Fund | C207: BAFL03 | D207: INE296A01032 | E207: Bajaj Finance Ltd | F207: EQUITY | G207: Equity | H207: 7583 | I207: 1 | J207: 982.05 | K207: 1004.75 | L207: 0.022592685 | M207: INR | N207: 833.35838 | O207: 6319356.6 | P207: 6319356.6 | Q207: 7619019.2 | R207: 7583 | S207: 1299662.6 | T207: 172134.1 | U207: 0.0134 | V207: 0.0134 | W207: 0 | X207: 0 | Y207: 46203 | AH207: LISTED | AK207: Finance | AL207: Bajaj Finance Limited | AM207: NSE
A208: QMULTI | B208: Quantum Multi Asset Allocation Fund | C208: BALN01 | D208: INE917I01010 | E208: Bajaj Auto Ltd | F208: EQUITY | G208: Equity | H208: 342 | I208: 10 | J208: 9630 | K208: 9716 | L208: 0.0088513792 | M208: INR | N208: 8566.206 | O208: 2929642.5 | P208: 2929642.5 | Q208: 3322872 | R208: 3420 | S208: 393229.54 | T208: 29412 | U208: 0.0058 | V208: 0.0058 | W208: 0 | X208: 0 | Y208: 46203 | AH208: LISTED | AK208: Automobiles | AL208: Bajaj Auto Limited | AM208: NSE
A209: QMULTI | B209: Quantum Multi Asset Allocation Fund | C209: BFSL02 | D209: INE918I01026 | E209: Bajaj Finserv Ltd | F209: EQUITY | G209: Equity | H209: 1653 | I209: 1 | J209: 1759.3 | K209: 1780.2 | L209: 0.011740254 | M209: INR | N209: 1833.6555 | O209: 3031032.6 | P209: 3031032.6 | Q209: 2942670.6 | R209: 1653 | S209: -88361.98 | T209: 34547.7 | U209: 0.0052 | V209: 0.0052 | W209: 0 | X209: 0 | Y209: 46203 | AH209: LISTED | AK209: Finance | AL209: Bajaj Finserv Limited | AM209: NSE
A210: QMULTI | B210: Quantum Multi Asset Allocation Fund | C210: BTVL02 | D210: INE397D01024 | E210: Bharti Airtel Ltd | F210: EQUITY | G210: Equity | H210: 3917 | I210: 5 | J210: 1841.1 | K210: 1852 | L210: 0.0058855292 | M210: INR | N210: 1376.54 | O210: 5391907.2 | P210: 5391907.2 | Q210: 7254284 | R210: 19585 | S210: 1862376.8 | T210: 42695.3 | U210: 0.0127 | V210: 0.0128 | W210: 0 | X210: 0 | Y210: 46203 | AH210: LISTED | AK210: Telecom - Services | AL210: Bharti Airtel Limited | AM210: NSE
A211: QMULTI | B211: Quantum Multi Asset Allocation Fund | C211: CCOI02 | D211: INE111A01025 | E211: Container Corporation of India Ltd | F211: EQUITY | G211: Equity | H211: 23065 | I211: 5 | J211: 471 | K211: 475.25 | L211: 0.0089426618 | M211: INR | N211: 514.72727 | O211: 11872185 | P211: 11872185 | Q211: 10961641 | R211: 115325 | S211: -910543.28 | T211: 98026.25 | U211: 0.0192 | V211: 0.0193 | W211: 0 | X211: 0 | Y211: 46203 | AH211: LISTED | AK211: Transport Services | AL211: Container Corporation of India Limited | AM211: NSE
A212: QMULTI | B212: Quantum Multi Asset Allocation Fund | C212: CGCE01 | D212: INE299U01018 | E212: Crompton Greaves Consumer Electricals Limited | F212: EQUITY | G212: Equity | H212: 46408 | I212: 2 | J212: 273.5 | K212: 274.75 | L212: 0.0045495905 | M212: INR | N212: 289.00244 | O212: 13412025 | P212: 13412025 | Q212: 12750598 | R212: 92816 | S212: -661427.35 | T212: 58010 | U212: 0.0224 | V212: 0.0224 | W212: 0 | X212: 0 | Y212: 46203 | AH212: LISTED | AK212: Consumer Durables | AL212: Crompton Greaves Consumer Electricals Limited | AM212: NSE
A213: QMULTI | B213: Quantum Multi Asset Allocation Fund | C213: CIPL03 | D213: INE059A01026 | E213: Cipla Ltd | F213: EQUITY | G213: Equity | H213: 6008 | I213: 2 | J213: 1454.1 | K213: 1465.4 | L213: 0.0077112051 | M213: INR | N213: 1488.5393 | O213: 8943144.2 | P213: 8943144.2 | Q213: 8804123.2 | R213: 12016 | S213: -139020.96 | T213: 67890.4 | U213: 0.0154 | V213: 0.0155 | W213: 0 | X213: 0 | Y213: 46203 | AH213: LISTED | AK213: Pharmaceuticals & Biotechnology | AL213: Cipla Limited | AM213: NSE
A214: QMULTI | B214: Quantum Multi Asset Allocation Fund | C214: DRRL03 | D214: INE089A01031 | E214: Dr Reddys Laboratories Ltd | F214: EQUITY | G214: Equity | H214: 5209 | I214: 1 | J214: 1375.7 | K214: 1357.1 | L214: -0.013705696 | M214: INR | N214: 1256.8522 | O214: 6546943.3 | P214: 6546943.3 | Q214: 7069133.9 | R214: 5209 | S214: 522190.64 | T214: -96887.4 | U214: 0.0124 | V214: 0.0124 | W214: 0 | X214: 0 | Y214: 46203 | AH214: LISTED | AK214: Pharmaceuticals & Biotechnology | AL214: Dr. Reddy's Laboratories Limited | AM214: NSE
A215: QMULTI | B215: Quantum Multi Asset Allocation Fund | C215: EIML02 | D215: INE066A01021 | E215: Eicher Motors Limited | F215: EQUITY | G215: Equity | H215: 641 | I215: 1 | J215: 7426 | K215: 7073.5 | L215: -0.049833887 | M215: INR | N215: 3884.0329 | O215: 2489665.1 | P215: 2489665.1 | Q215: 4534113.5 | R215: 641 | S215: 2044448.4 | T215: -225952.5 | U215: 0.0079 | V215: 0.008 | W215: 0 | X215: 0 | Y215: 46203 | AH215: LISTED | AK215: Automobiles | AL215: Eicher Motors Limited | AM215: NSE
A216: QMULTI | B216: Quantum Multi Asset Allocation Fund | C216: GGLT02 | D216: INE844O01030 | E216: Gujarat Gas Ltd | F216: EQUITY | G216: Equity | H216: 12478 | I216: 2 | J216: 335.3 | K216: 327.05 | L216: -0.025225501 | M216: INR | N216: 426.72927 | O216: 5324727.8 | P216: 5324727.8 | Q216: 4080929.9 | R216: 24956 | S216: -1243797.9 | T216: -102943.5 | U216: 0.0072 | V216: 0.0072 | W216: 0 | X216: 0 | Y216: 46203 | AH216: LISTED | AK216: Gas | AL216: Gujarat Gas Limited | AM216: NSE
A217: QMULTI | B217: Quantum Multi Asset Allocation Fund | C217: HCLT02 | D217: INE860A01027 | E217: HCL Technologies Ltd | F217: EQUITY | G217: Equity | H217: 3327 | I217: 2 | J217: 1102.4 | K217: 1071.8 | L217: -0.028550103 | M217: INR | N217: 1526.5121 | O217: 5078705.6 | P217: 5078705.6 | Q217: 3565878.6 | R217: 6654 | S217: -1512827 | T217: -101806.2 | U217: 0.0063 | V217: 0.0063 | W217: 0 | X217: 0 | Y217: 46203 | AH217: LISTED | AK217: IT - Software | AL217: HCL Technologies Limited | AM217: NSE
... A245: QMULTI | B245: Quantum Multi Asset Allocation Fund | C245: WIPR02 | D245: INE075A01022 | E245: Wipro Ltd | F245: EQUITY | G245: Equity | H245: 22851 | I245: 2 | J245: 175.48 | K245: 170.39 | L245: -0.029872645 | M245: INR | N245: 258.80772 | O245: 5914015.1 | P245: 5914015.1 | Q245: 3893581.9 | R245: 45702 | S245: -2020433.2 | T245: -116311.59 | U245: 0.0068 | V245: 0.0068 | W245: 0 | X245: 0 | Y245: 46203 | AH245: LISTED | AK245: IT - Software | AL245: Wipro Limited | AM245: NSE
A246: QMULTI | B246: Quantum Multi Asset Allocation Fund | F246: EQUITY TOTAL | O246: 3.0678226e+08 | P246: 3.0678226e+08 | Q246: 2.9527945e+08 | S246: -11502804 | T246: -1579009.5 | U246: 0.5178 | V246: 0.5193 | W246: 0 | X246: 0
A247: QMULTI | B247: Quantum Multi Asset Allocation Fund | C247: QGET52ME | D247: INF082J01408 | E247: Quantum Gold ETF | F247: ETF | G247: Exchange Traded Funds | H247: 714159 | I247: 2 | J247: 116.79 | K247: 116.19 | L247: -0.0051639556 | M247: INR | N247: 69.036521 | O247: 49303053 | P247: 49303053 | Q247: 82978134 | R247: 1428318 | S247: 33675081 | T247: -428495.4 | U247: 0.1455 | V247: 0.146 | W247: 0 | X247: 0 | Y247: 46203 | AH247: LISTED | AK247: Others | AL247: Quantum Mutual Fund | AM247: NSE
A248: QMULTI | B248: Quantum Multi Asset Allocation Fund | F248: ETF TOTAL | O248: 49303053 | P248: 49303053 | Q248: 82978134 | S248: 33675081 | T248: -428495.4 | U248: 0.1455 | V248: 0.146 | W248: 0 | X248: 0
A249: QMULTI | B249: Quantum Multi Asset Allocation Fund | C249: GOI5398 | D249: IN0020230119 | E249: 7.33% GOI (MD 30/10/2026) | F249: GOVERNMENT | G249: Government Bond | H249: 45000 | I249: 100 | J249: 100.6086 | K249: 100.6062 | L249: -2.3855389e-05 | M249: INR | N249: 101.26 | O249: 4556700 | P249: 4556700 | Q249: 4527279 | R249: 4500000 | S249: -29421 | T249: -108 | U249: 0.0079 | V249: 0.008 | W249: 55891.25 | X249: 0 | Y249: 46203 | Z249: SOV | AA249: 7.33 | AB249: 46142 | AC249: 46325 | AD249: 46325 | AE249: 122 | AF249: 46325 | AG249: MATURITY | AH249: LISTED | AK249: Government of India | AL249: Government of India | AM249: NSE
A250: QMULTI | B250: Quantum Multi Asset Allocation Fund | C250: GOI6960 | D250: IN0020250075 | E250: 7.24% GOI (MD 18/08/2055) | F250: GOVERNMENT | G250: Government Bond | H250: 110000 | I250: 100 | J250: 98.9717 | K250: 99.1813 | L250: 0.0021133016 | M250: INR | N250: 98.95 | O250: 10884500 | P250: 10884500 | Q250: 10909943 | R250: 11000000 | S250: 25443 | T250: 23056 | U250: 0.0191 | V250: 0.0192 | W250: 294225.56 | X250: 0 | Y250: 46203 | Z250: SOV | AA250: 7.24 | AB250: 46071 | AC250: 46252 | AD250: 56844 | AE250: 10641 | AF250: 56844 | AG250: MATURITY | AH250: LISTED | AK250: Government of India | AL250: Government of India | AM250: NSE
A251: QMULTI | B251: Quantum Multi Asset Allocation Fund | C251: GOI7629 | D251: IN0020260025 | E251: 6.94% GOI (MD 11/05/2036) | F251: GOVERNMENT | G251: Government Bond | H251: 100000 | I251: 100 | J251: 101.3147 | K251: 101.451 | L251: 0.0013435057 | M251: INR | N251: 100.3 | O251: 10030000 | P251: 10030000 | Q251: 10145100 | R251: 10000000 | S251: 115100 | T251: 13630 | U251: 0.0178 | V251: 0.0178 | W251: 96388.89 | X251: 0 | Y251: 46203 | Z251: SOV | AA251: 6.94 | AC251: 46337 | AD251: 49806 | AE251: 3603 | AF251: 49806 | AG251: MATURITY | AH251: LISTED | AK251: Government of India | AL251: Government of India | AM251: NSE
A252: QMULTI | B252: Quantum Multi Asset Allocation Fund | F252: GOVERNMENT TOTAL | O252: 25471200 | P252: 25471200 | Q252: 25582322 | S252: 111122 | T252: 36578 | U252: 0.0448 | V252: 0.045 | W252: 446505.7 | X252: 0
A253: QMULTI | B253: Quantum Multi Asset Allocation Fund | C253: GOI6541 | D253: IN3120240681 | E253: 6.89% Tamilnadu SDL (MD 19/09/2028) | F253: GSEC-S | G253: State Government Bond | H253: 1000000 | I253: 100 | J253: 100.4828 | K253: 100.4516 | L253: -0.00031059734 | M253: INR | N253: 99.9725 | O253: 99972500 | P253: 99972500 | Q253: 100451600 | R253: 100000000 | S253: 479100 | T253: -31200 | U253: 0.1761 | V253: 0.1767 | W253: 1952166.7 | X253: 0 | Y253: 46203 | Z253: SOV | AA253: 6.89 | AB253: 46100 | AC253: 46284 | AD253: 47015 | AE253: 812 | AF253: 47015 | AG253: MATURITY | AH253: LISTED | AK253: Government of India | AL253: State Government Securities | AM253: NSE
A254: QMULTI | B254: Quantum Multi Asset Allocation Fund | C254: GOI7171 | D254: IN3120250391 | E254: 6.55% Tamilnadu SDL (MD 19/11/2029) | F254: GSEC-S | G254: State Government Bond | H254: 500000 | I254: 100 | J254: 99.2158 | K254: 99.2755 | L254: 0.00060135683 | M254: INR | N254: 98.36 | O254: 49180000 | P254: 49180000 | Q254: 49637750 | R254: 50000000 | S254: 457750 | T254: 29850 | U254: 0.087 | V254: 0.0873 | W254: 382083.33 | X254: 0 | Y254: 46203 | Z254: SOV | AA254: 6.55 | AB254: 46161 | AC254: 46345 | AD254: 47441 | AE254: 1238 | AF254: 47441 | AG254: MATURITY | AH254: LISTED | AK254: Government of India | AL254: State Government Securities | AM254: NSE
A255: QMULTI | B255: Quantum Multi Asset Allocation Fund | F255: GSEC-S TOTAL | O255: 149152500 | P255: 149152500 | Q255: 150089350 | S255: 936850 | T255: -1350 | U255: 0.2631 | V255: 0.264 | W255: 2334250 | X255: 0
A256: QMULTI | B256: Quantum Multi Asset Allocation Fund | C256: Cash & Cash Equivalent: | E256: Cash & Cash Equivalent: | Q256: 1892848.1 | U256: 0.0033
A257: QMULTI | B257: Quantum Multi Asset Allocation Fund | C257: Net Asset: | E257: Net Asset: | Q257: 5.7038061e+08 | U257: 1
...

Sheet QLTEF vs QESG
A1: Portfolio Overlap Calculation: QLTEF vs QESG
A2: Based on Methodology from Annexure A (Auto-updates when Equity sheet changes)
A4: ISIN | B4: Security Name | C4: QLTEF Weightage (%) | D4: QESG Weightage (%) | E4: Overlap (Min of both) (%)
A5: {=_xlfn.LET(_xlpm.isins,_xlfn.ANCHORARRAY('Equity Lookup'!$A$7),_xlpm.qltef,_xlfn.ANCHORARRAY('Equity Lookup'!$C$7),_xlpm.qesg,_xlfn.ANCHORARRAY('Equity Lookup'!$D$7),_xlfn._xlws.FILTER(_xlpm.isins,(_xlpm.qltef>0)+(_xlpm.qesg>0)))} -> INE009A01021 | B5: {=_xlfn.LET(_xlpm.isins,_xlfn.ANCHORARRAY('Equity Lookup'!$A$7),_xlpm.names,_xlfn.ANCHORARRAY('Equity Lookup'!$B$7),_xlpm.qltef,_xlfn.ANCHORARRAY('Equity Lookup'!$C$7),_xlpm.qesg,_xlfn.ANCHORARRAY('Equity Lookup'!$D$7),_xlfn._xlws.FILTER(_xlpm.names,(_xlpm.qltef>0)+(_xlpm.qesg>0)))} -> Infosys Ltd | C5: {=_xlfn.LET(_xlpm.isins,_xlfn.ANCHORARRAY('Equity Lookup'!$A$7),_xlpm.qltef,_xlfn.ANCHORARRAY('Equity Lookup'!$C$7),_xlpm.qesg,_xlfn.ANCHORARRAY('Equity Lookup'!$D$7),_xlfn._xlws.FILTER(_xlpm.qltef,(_xlpm.qltef>0)+(_xlpm.qesg>0)))} -> 3.92 | D5: {=_xlfn.LET(_xlpm.isins,_xlfn.ANCHORARRAY('Equity Lookup'!$A$7),_xlpm.qltef,_xlfn.ANCHORARRAY('Equity Lookup'!$C$7),_xlpm.qesg,_xlfn.ANCHORARRAY('Equity Lookup'!$D$7),_xlfn._xlws.FILTER(_xlpm.qesg,(_xlpm.qltef>0)+(_xlpm.qesg>0)))} -> 2 | E5: {=_xlfn.MAP(_xlfn.ANCHORARRAY(C5),_xlfn.ANCHORARRAY(D5),_xlfn.LAMBDA(_xlpm.a,_xlpm.b,MIN(_xlpm.a,_xlpm.b)))} -> 2
A6: INE040A01034 | B6: HDFC Bank Ltd | C6: 7.75 | D6: 4.37 | E6: 4.37
A7: INE059A01026 | B7: Cipla Ltd | C7: 2.94 | D7: 0 | E7: 0
A8: INE062A01020 | B8: State Bank of India | C8: 2.57 | D8: 0 | E8: 0
A9: INE066A01021 | B9: Eicher Motors Limited | C9: 0 | D9: 1.82 | E9: 0
A10: INE075A01022 | B10: Wipro Ltd | C10: 2.52 | D10: 0.51 | E10: 0.51
A11: INE07Y701011 | B11: Hitachi Energy India Limited | C11: 0 | D11: 2.35 | E11: 0
A12: INE081A01020 | B12: Tata Steel Ltd | C12: 0.46 | D12: 0 | E12: 0
A13: INE089A01031 | B13: Dr Reddys Laboratories Ltd | C13: 2.45 | D13: 0 | E13: 0
A14: INE090A01021 | B14: ICICI Bank Ltd | C14: 7.25 | D14: 0 | E14: 0
A15: INE092A01019 | B15: Tata Chemicals Ltd | C15: 0 | D15: 1.12 | E15: 0
A16: INE095A01012 | B16: Indusind Bank Ltd | C16: 2.12 | D16: 0.92 | E16: 0.92
A17: INE0KCE01017 | B17: Eureka Forbes Ltd | C17: 0 | D17: 0.98 | E17: 0
... A73: INE967H01025 | B73: Krishna Institute Of Medical Sciences Limited | C73: 0 | D73: 1.31 | E73: 0
A150: SUMMARY
A151: Total Securities: | B151: =ROWS(_xlfn.ANCHORARRAY(A5)) -> 69
A152: Common Securities: | B152: {=SUMPRODUCT((_xlfn.ANCHORARRAY(C5)>0)*(_xlfn.ANCHORARRAY(D5)>0))} -> 14
A154: PORTFOLIO OVERLAP (%) | B154: =SUM(_xlfn.ANCHORARRAY(E5)) -> 25.18

Sheet QLTEF vs QETHICAL
A1: Portfolio Overlap Calculation: QLTEF vs QETHICAL
A2: Based on Methodology from Annexure A (Auto-updates when Equity sheet changes)
A4: ISIN | B4: Security Name | C4: QLTEF Weightage (%) | D4: QETHICAL Weightage (%) | E4: Overlap (Min of both) (%)
A5: {=_xlfn._xlws.FILTER('Equity Lookup'!$A$7:$A$200,('Equity Lookup'!$C$7:$C$200>0)+('Equity Lookup'!$E$7:$E$200>0))} -> INE009A01021 | B5: {=_xlfn._xlws.FILTER('Equity Lookup'!$B$7:$B$200,('Equity Lookup'!$C$7:$C$200>0)+('Equity Lookup'!$E$7:$E$200>0))} -> Infosys Ltd | C5: {=_xlfn._xlws.FILTER('Equity Lookup'!$C$7:$C$200,('Equity Lookup'!$C$7:$C$200>0)+('Equity Lookup'!$E$7:$E$200>0))} -> 3.92 | D5: {=_xlfn._xlws.FILTER('Equity Lookup'!$E$7:$E$200,('Equity Lookup'!$C$7:$C$200>0)+('Equity Lookup'!$E$7:$E$200>0))} -> 1.93 | E5: {=_xlfn.MAP(_xlfn.ANCHORARRAY(C5),_xlfn.ANCHORARRAY(D5),_xlfn.LAMBDA(_xlpm.a,_xlpm.b,MIN(_xlpm.a,_xlpm.b)))} -> 1.93
A6: INE02PY01013 | B6: Borosil Limited | C6: 0 | D6: 0.86 | E6: 0
A7: INE040A01034 | B7: HDFC Bank Ltd | C7: 7.75 | D7: 0 | E7: 0
A8: INE059A01026 | B8: Cipla Ltd | C8: 2.94 | D8: 0 | E8: 0
A9: INE062A01020 | B9: State Bank of India | C9: 2.57 | D9: 0 | E9: 0
A10: INE066A01021 | B10: Eicher Motors Limited | C10: 0 | D10: 2.92 | E10: 0
A11: INE075A01022 | B11: Wipro Ltd | C11: 2.52 | D11: 0 | E11: 0
A12: INE07Y701011 | B12: Hitachi Energy India Limited | C12: 0 | D12: 3.94 | E12: 0
A13: INE081A01020 | B13: Tata Steel Ltd | C13: 0.46 | D13: 0 | E13: 0
A14: INE089A01031 | B14: Dr Reddys Laboratories Ltd | C14: 2.45 | D14: 0 | E14: 0
A15: INE090A01021 | B15: ICICI Bank Ltd | C15: 7.25 | D15: 0 | E15: 0
A16: INE092A01019 | B16: Tata Chemicals Ltd | C16: 0 | D16: 0.79 | E16: 0
A17: INE095A01012 | B17: Indusind Bank Ltd | C17: 2.12 | D17: 0 | E17: 0
... A72: INE967H01025 | B72: Krishna Institute Of Medical Sciences Limited | C72: 0 | D72: 1.3 | E72: 0
A150: SUMMARY
A151: Total Securities: | B151: =ROWS(_xlfn.ANCHORARRAY(A5)) -> 68
A152: Common Securities: | B152: {=SUMPRODUCT((_xlfn.ANCHORARRAY(C5)>0)*(_xlfn.ANCHORARRAY(D5)>0))} -> 8
A154: PORTFOLIO OVERLAP (%) | B154: =SUM(_xlfn.ANCHORARRAY(E5)) -> 14.23

Sheet QLTEF vs QSCAPF
A1: Portfolio Overlap Calculation: QLTEF vs QSCAPF
A2: Based on Methodology from Annexure A (Auto-updates when Equity sheet changes)
A4: ISIN | B4: Security Name | C4: QLTEF Weightage (%) | D4: QSCAPF Weightage (%) | E4: Overlap (Min of both) (%)
A5: {=_xlfn._xlws.FILTER('Equity Lookup'!$A$7:$A$200,('Equity Lookup'!$C$7:$C$200>0)+('Equity Lookup'!$F$7:$F$200>0))} -> INE009A01021 | B5: {=_xlfn._xlws.FILTER('Equity Lookup'!$B$7:$B$200,('Equity Lookup'!$C$7:$C$200>0)+('Equity Lookup'!$F$7:$F$200>0))} -> Infosys Ltd | C5: {=_xlfn._xlws.FILTER('Equity Lookup'!$C$7:$C$200,('Equity Lookup'!$C$7:$C$200>0)+('Equity Lookup'!$F$7:$F$200>0))} -> 3.92 | D5: {=_xlfn._xlws.FILTER('Equity Lookup'!$F$7:$F$200,('Equity Lookup'!$C$7:$C$200>0)+('Equity Lookup'!$F$7:$F$200>0))} -> 0.78 | E5: {=_xlfn.MAP(_xlfn.ANCHORARRAY(C5),_xlfn.ANCHORARRAY(D5),_xlfn.LAMBDA(_xlpm.a,_xlpm.b,MIN(_xlpm.a,_xlpm.b)))} -> 0.78
A6: INE00LO01017 | B6: Craftsman Automation Limited | C6: 0 | D6: 0.78 | E6: 0
A7: INE036D01028 | B7: Karur Vysya Bank Ltd | C7: 0 | D7: 2.67 | E7: 0
A8: INE03Q201024 | B8: Alivus Life Sciences Limited | C8: 0 | D8: 2.36 | E8: 0
A9: INE040A01034 | B9: HDFC Bank Ltd | C9: 7.75 | D9: 1.54 | E9: 1.54
A10: INE040D01038 | B10: Mayur Uniquoters Ltd | C10: 0 | D10: 2.75 | E10: 0
A11: INE059A01026 | B11: Cipla Ltd | C11: 2.94 | D11: 0 | E11: 0
A12: INE062A01020 | B12: State Bank of India | C12: 2.57 | D12: 0 | E12: 0
A13: INE063P01018 | B13: Equitas Small Finance Bank Limited | C13: 0 | D13: 2.26 | E13: 0
A14: INE075A01022 | B14: Wipro Ltd | C14: 2.52 | D14: 0 | E14: 0
A15: INE079J01017 | B15: Gateway Distriparks Limited | C15: 0 | D15: 1.67 | E15: 0
A16: INE07RO01027 | B16: Supriya Lifescience Limited | C16: 0 | D16: 4.47 | E16: 0
A17: INE081A01020 | B17: Tata Steel Ltd | C17: 0.46 | D17: 0 | E17: 0
... A82: INE985S01024 | B82: TeamLease Services Limited | C82: 0 | D82: 0.91 | E82: 0
A150: SUMMARY
A151: Total Securities: | B151: =ROWS(_xlfn.ANCHORARRAY(A5)) -> 78
A152: Common Securities: | B152: {=SUMPRODUCT((_xlfn.ANCHORARRAY(C5)>0)*(_xlfn.ANCHORARRAY(D5)>0))} -> 12
A154: PORTFOLIO OVERLAP (%) | B154: =SUM(_xlfn.ANCHORARRAY(E5)) -> 17.34

Sheet QLTEF vs QTSF
A1: Portfolio Overlap Calculation: QLTEF vs QTSF
A2: Based on Methodology from Annexure A (Auto-updates when Equity sheet changes)
A4: ISIN | B4: Security Name | C4: QLTEF Weightage (%) | D4: QTSF Weightage (%) | E4: Overlap (Min of both) (%)
A5: {=_xlfn._xlws.FILTER('Equity Lookup'!$A$7:$A$200,('Equity Lookup'!$C$7:$C$200>0)+('Equity Lookup'!$G$7:$G$200>0))} -> INE009A01021 | B5: {=_xlfn._xlws.FILTER('Equity Lookup'!$B$7:$B$200,('Equity Lookup'!$C$7:$C$200>0)+('Equity Lookup'!$G$7:$G$200>0))} -> Infosys Ltd | C5: {=_xlfn._xlws.FILTER('Equity Lookup'!$C$7:$C$200,('Equity Lookup'!$C$7:$C$200>0)+('Equity Lookup'!$G$7:$G$200>0))} -> 3.92 | D5: {=_xlfn._xlws.FILTER('Equity Lookup'!$G$7:$G$200,('Equity Lookup'!$C$7:$C$200>0)+('Equity Lookup'!$G$7:$G$200>0))} -> 3.8 | E5: {=_xlfn.MAP(_xlfn.ANCHORARRAY(C5),_xlfn.ANCHORARRAY(D5),_xlfn.LAMBDA(_xlpm.a,_xlpm.b,MIN(_xlpm.a,_xlpm.b)))} -> 3.8
A6: INE040A01034 | B6: HDFC Bank Ltd | C6: 7.75 | D6: 7.67 | E6: 7.67
A7: INE059A01026 | B7: Cipla Ltd | C7: 2.94 | D7: 3.08 | E7: 2.94
A8: INE062A01020 | B8: State Bank of India | C8: 2.57 | D8: 2.89 | E8: 2.57
A9: INE075A01022 | B9: Wipro Ltd | C9: 2.52 | D9: 2.42 | E9: 2.42
A10: INE081A01020 | B10: Tata Steel Ltd | C10: 0.46 | D10: 0.32 | E10: 0.32
A11: INE089A01031 | B11: Dr Reddys Laboratories Ltd | C11: 2.45 | D11: 2.47 | E11: 2.45
A12: INE090A01021 | B12: ICICI Bank Ltd | C12: 7.25 | D12: 7.28 | E12: 7.25
A13: INE095A01012 | B13: Indusind Bank Ltd | C13: 2.12 | D13: 2.15 | E13: 2.12
A14: INE101A01026 | B14: Mahindra & Mahindra Ltd | C14: 1.28 | D14: 1.39 | E14: 1.28
A15: INE111A01025 | B15: Container Corporation of India Ltd | C15: 3.13 | D15: 3.11 | E15: 3.11
A16: INE115A01026 | B16: LIC Housing Finance Ltd | C16: 2.77 | D16: 2.72 | E16: 2.72
A17: INE118D01016 | B17: Nuvoco Vistas Corporation Limited | C17: 2.68 | D17: 2.74 | E17: 2.68
... A35: INE925R01014 | B35: CMS Info System Limited | C35: 2.2 | D35: 2.21 | E35: 2.2
A150: SUMMARY
A151: Total Securities: | B151: =ROWS(_xlfn.ANCHORARRAY(A5)) -> 31
A152: Common Securities: | B152: {=SUMPRODUCT((_xlfn.ANCHORARRAY(C5)>0)*(_xlfn.ANCHORARRAY(D5)>0))} -> 31
A154: PORTFOLIO OVERLAP (%) | B154: =SUM(_xlfn.ANCHORARRAY(E5)) -> 92.19

Sheet QESG vs QETHICAL
A1: Portfolio Overlap Calculation: QESG vs QETHICAL
A2: Based on Methodology from Annexure A (Auto-updates when Equity sheet changes)
A4: ISIN | B4: Security Name | C4: QESG Weightage (%) | D4: QETHICAL Weightage (%) | E4: Overlap (Min of both) (%)
A5: {=_xlfn._xlws.FILTER('Equity Lookup'!$A$7:$A$200,('Equity Lookup'!$D$7:$D$200>0)+('Equity Lookup'!$E$7:$E$200>0))} -> INE009A01021 | B5: {=_xlfn._xlws.FILTER('Equity Lookup'!$B$7:$B$200,('Equity Lookup'!$D$7:$D$200>0)+('Equity Lookup'!$E$7:$E$200>0))} -> Infosys Ltd | C5: {=_xlfn._xlws.FILTER('Equity Lookup'!$D$7:$D$200,('Equity Lookup'!$D$7:$D$200>0)+('Equity Lookup'!$E$7:$E$200>0))} -> 2 | D5: {=_xlfn._xlws.FILTER('Equity Lookup'!$E$7:$E$200,('Equity Lookup'!$D$7:$D$200>0)+('Equity Lookup'!$E$7:$E$200>0))} -> 1.93 | E5: {=_xlfn.MAP(_xlfn.ANCHORARRAY(C5),_xlfn.ANCHORARRAY(D5),_xlfn.LAMBDA(_xlpm.a,_xlpm.b,MIN(_xlpm.a,_xlpm.b)))} -> 1.93
A6: INE02PY01013 | B6: Borosil Limited | C6: 0 | D6: 0.86 | E6: 0
A7: INE040A01034 | B7: HDFC Bank Ltd | C7: 4.37 | D7: 0 | E7: 0
A8: INE066A01021 | B8: Eicher Motors Limited | C8: 1.82 | D8: 2.92 | E8: 1.82
A9: INE075A01022 | B9: Wipro Ltd | C9: 0.51 | D9: 0 | E9: 0
A10: INE07Y701011 | B10: Hitachi Energy India Limited | C10: 2.35 | D10: 3.94 | E10: 2.35
A11: INE092A01019 | B11: Tata Chemicals Ltd | C11: 1.12 | D11: 0.79 | E11: 0.79
A12: INE095A01012 | B12: Indusind Bank Ltd | C12: 0.92 | D12: 0 | E12: 0
A13: INE0KCE01017 | B13: Eureka Forbes Ltd | C13: 0.98 | D13: 1.05 | E13: 0.98
A14: INE0V6F01027 | B14: Hyundai Motor India Ltd | C14: 1.02 | D14: 2.19 | E14: 1.02
A15: INE101A01026 | B15: Mahindra & Mahindra Ltd | C15: 2.16 | D15: 2.08 | E15: 2.08
A16: INE117A01022 | B16: ABB India Ltd | C16: 1.23 | D16: 2.37 | E16: 1.23
A17: INE118D01016 | B17: Nuvoco Vistas Corporation Limited | C17: 0.96 | D17: 2.07 | E17: 0.96
... A64: INE967H01025 | B64: Krishna Institute Of Medical Sciences Limited | C64: 1.31 | D64: 1.3 | E64: 1.3
A150: SUMMARY
A151: Total Securities: | B151: =ROWS(_xlfn.ANCHORARRAY(A5)) -> 60
A152: Common Securities: | B152: {=SUMPRODUCT((_xlfn.ANCHORARRAY(C5)>0)*(_xlfn.ANCHORARRAY(D5)>0))} -> 37
A154: PORTFOLIO OVERLAP (%) | B154: =SUM(_xlfn.ANCHORARRAY(E5)) -> 63.2

Sheet QESG vs QTSF
A1: Portfolio Overlap Calculation: QESG vs QTSF
A2: Based on Methodology from Annexure A (Auto-updates when Equity sheet changes)
A4: ISIN | B4: Security Name | C4: QESG Weightage (%) | D4: QTSF Weightage (%) | E4: Overlap (Min of both) (%)
A5: {=_xlfn._xlws.FILTER('Equity Lookup'!$A$7:$A$200,('Equity Lookup'!$D$7:$D$200>0)+('Equity Lookup'!$G$7:$G$200>0))} -> INE009A01021 | B5: {=_xlfn._xlws.FILTER('Equity Lookup'!$B$7:$B$200,('Equity Lookup'!$D$7:$D$200>0)+('Equity Lookup'!$G$7:$G$200>0))} -> Infosys Ltd | C5: {=_xlfn._xlws.FILTER('Equity Lookup'!$D$7:$D$200,('Equity Lookup'!$D$7:$D$200>0)+('Equity Lookup'!$G$7:$G$200>0))} -> 2 | D5: {=_xlfn._xlws.FILTER('Equity Lookup'!$G$7:$G$200,('Equity Lookup'!$D$7:$D$200>0)+('Equity Lookup'!$G$7:$G$200>0))} -> 3.8 | E5: {=_xlfn.MAP(_xlfn.ANCHORARRAY(C5),_xlfn.ANCHORARRAY(D5),_xlfn.LAMBDA(_xlpm.a,_xlpm.b,MIN(_xlpm.a,_xlpm.b)))} -> 2
A6: INE040A01034 | B6: HDFC Bank Ltd | C6: 4.37 | D6: 7.67 | E6: 4.37
A7: INE059A01026 | B7: Cipla Ltd | C7: 0 | D7: 3.08 | E7: 0
A8: INE062A01020 | B8: State Bank of India | C8: 0 | D8: 2.89 | E8: 0
A9: INE066A01021 | B9: Eicher Motors Limited | C9: 1.82 | D9: 0 | E9: 0
A10: INE075A01022 | B10: Wipro Ltd | C10: 0.51 | D10: 2.42 | E10: 0.51
A11: INE07Y701011 | B11: Hitachi Energy India Limited | C11: 2.35 | D11: 0 | E11: 0
A12: INE081A01020 | B12: Tata Steel Ltd | C12: 0 | D12: 0.32 | E12: 0
A13: INE089A01031 | B13: Dr Reddys Laboratories Ltd | C13: 0 | D13: 2.47 | E13: 0
A14: INE090A01021 | B14: ICICI Bank Ltd | C14: 0 | D14: 7.28 | E14: 0
A15: INE092A01019 | B15: Tata Chemicals Ltd | C15: 1.12 | D15: 0 | E15: 0
A16: INE095A01012 | B16: Indusind Bank Ltd | C16: 0.92 | D16: 2.15 | E16: 0.92
A17: INE0KCE01017 | B17: Eureka Forbes Ltd | C17: 0.98 | D17: 0 | E17: 0
... A73: INE967H01025 | B73: Krishna Institute Of Medical Sciences Limited | C73: 1.31 | D73: 0 | E73: 0
A150: SUMMARY
A151: Total Securities: | B151: =ROWS(_xlfn.ANCHORARRAY(A5)) -> 69
A152: Common Securities: | B152: {=SUMPRODUCT((_xlfn.ANCHORARRAY(C5)>0)*(_xlfn.ANCHORARRAY(D5)>0))} -> 14
A154: PORTFOLIO OVERLAP (%) | B154: =SUM(_xlfn.ANCHORARRAY(E5)) -> 25.44

Sheet QTSF vs QETHICAL
A1: Portfolio Overlap Calculation: QTSF vs QETHICAL
A2: Based on Methodology from Annexure A (Auto-updates when Equity sheet changes)
A4: ISIN | B4: Security Name | C4: QTSF Weightage (%) | D4: QETHICAL Weightage (%) | E4: Overlap (Min of both) (%)
A5: {=_xlfn._xlws.FILTER('Equity Lookup'!$A$7:$A$200,('Equity Lookup'!$G$7:$G$200>0)+('Equity Lookup'!$E$7:$E$200>0))} -> INE009A01021 | B5: {=_xlfn._xlws.FILTER('Equity Lookup'!$B$7:$B$200,('Equity Lookup'!$G$7:$G$200>0)+('Equity Lookup'!$E$7:$E$200>0))} -> Infosys Ltd | C5: {=_xlfn._xlws.FILTER('Equity Lookup'!$G$7:$G$200,('Equity Lookup'!$G$7:$G$200>0)+('Equity Lookup'!$E$7:$E$200>0))} -> 3.8 | D5: {=_xlfn._xlws.FILTER('Equity Lookup'!$E$7:$E$200,('Equity Lookup'!$G$7:$G$200>0)+('Equity Lookup'!$E$7:$E$200>0))} -> 1.93 | E5: {=_xlfn.MAP(_xlfn.ANCHORARRAY(C5),_xlfn.ANCHORARRAY(D5),_xlfn.LAMBDA(_xlpm.a,_xlpm.b,MIN(_xlpm.a,_xlpm.b)))} -> 1.93
A6: INE02PY01013 | B6: Borosil Limited | C6: 0 | D6: 0.86 | E6: 0
A7: INE040A01034 | B7: HDFC Bank Ltd | C7: 7.67 | D7: 0 | E7: 0
A8: INE059A01026 | B8: Cipla Ltd | C8: 3.08 | D8: 0 | E8: 0
A9: INE062A01020 | B9: State Bank of India | C9: 2.89 | D9: 0 | E9: 0
A10: INE066A01021 | B10: Eicher Motors Limited | C10: 0 | D10: 2.92 | E10: 0
A11: INE075A01022 | B11: Wipro Ltd | C11: 2.42 | D11: 0 | E11: 0
A12: INE07Y701011 | B12: Hitachi Energy India Limited | C12: 0 | D12: 3.94 | E12: 0
A13: INE081A01020 | B13: Tata Steel Ltd | C13: 0.32 | D13: 0 | E13: 0
A14: INE089A01031 | B14: Dr Reddys Laboratories Ltd | C14: 2.47 | D14: 0 | E14: 0
A15: INE090A01021 | B15: ICICI Bank Ltd | C15: 7.28 | D15: 0 | E15: 0
A16: INE092A01019 | B16: Tata Chemicals Ltd | C16: 0 | D16: 0.79 | E16: 0
A17: INE095A01012 | B17: Indusind Bank Ltd | C17: 2.15 | D17: 0 | E17: 0
... A72: INE967H01025 | B72: Krishna Institute Of Medical Sciences Limited | C72: 0 | D72: 1.3 | E72: 0
A150: SUMMARY
A151: Total Securities: | B151: =ROWS(_xlfn.ANCHORARRAY(A5)) -> 68
A152: Common Securities: | B152: {=SUMPRODUCT((_xlfn.ANCHORARRAY(C5)>0)*(_xlfn.ANCHORARRAY(D5)>0))} -> 8
A154: PORTFOLIO OVERLAP (%) | B154: =SUM(_xlfn.ANCHORARRAY(E5)) -> 14.38

Sheet QESG vs QSCAPF
A1: Portfolio Overlap Calculation: QESG vs QSCAPF
A2: Based on Methodology from Annexure A (Auto-updates when Equity sheet changes)
A4: ISIN | B4: Security Name | C4: QESG Weightage (%) | D4: QSCAPF Weightage (%) | E4: Overlap (Min of both) (%)
A5: {=_xlfn._xlws.FILTER('Equity Lookup'!$A$7:$A$200,('Equity Lookup'!$D$7:$D$200>0)+('Equity Lookup'!$F$7:$F$200>0))} -> INE009A01021 | B5: {=_xlfn._xlws.FILTER('Equity Lookup'!$B$7:$B$200,('Equity Lookup'!$D$7:$D$200>0)+('Equity Lookup'!$F$7:$F$200>0))} -> Infosys Ltd | C5: {=_xlfn._xlws.FILTER('Equity Lookup'!$D$7:$D$200,('Equity Lookup'!$D$7:$D$200>0)+('Equity Lookup'!$F$7:$F$200>0))} -> 2 | D5: {=_xlfn._xlws.FILTER('Equity Lookup'!$F$7:$F$200,('Equity Lookup'!$D$7:$D$200>0)+('Equity Lookup'!$F$7:$F$200>0))} -> 0.78 | E5: {=_xlfn.MAP(_xlfn.ANCHORARRAY(C5),_xlfn.ANCHORARRAY(D5),_xlfn.LAMBDA(_xlpm.a,_xlpm.b,MIN(_xlpm.a,_xlpm.b)))} -> 0.78
A6: INE00LO01017 | B6: Craftsman Automation Limited | C6: 0 | D6: 0.78 | E6: 0
A7: INE036D01028 | B7: Karur Vysya Bank Ltd | C7: 0 | D7: 2.67 | E7: 0
A8: INE03Q201024 | B8: Alivus Life Sciences Limited | C8: 0 | D8: 2.36 | E8: 0
A9: INE040A01034 | B9: HDFC Bank Ltd | C9: 4.37 | D9: 1.54 | E9: 1.54
A10: INE040D01038 | B10: Mayur Uniquoters Ltd | C10: 0 | D10: 2.75 | E10: 0
A11: INE063P01018 | B11: Equitas Small Finance Bank Limited | C11: 0 | D11: 2.26 | E11: 0
A12: INE066A01021 | B12: Eicher Motors Limited | C12: 1.82 | D12: 0 | E12: 0
A13: INE075A01022 | B13: Wipro Ltd | C13: 0.51 | D13: 0 | E13: 0
A14: INE079J01017 | B14: Gateway Distriparks Limited | C14: 0 | D14: 1.67 | E14: 0
A15: INE07RO01027 | B15: Supriya Lifescience Limited | C15: 0 | D15: 4.47 | E15: 0
A16: INE07Y701011 | B16: Hitachi Energy India Limited | C16: 2.35 | D16: 0 | E16: 0
A17: INE08U801020 | B17: Samhi Hotels Limited | C17: 0 | D17: 1.84 | E17: 0
... A107: INE985S01024 | B107: TeamLease Services Limited | C107: 0 | D107: 0.91 | E107: 0
A150: SUMMARY
A151: Total Securities: | B151: =ROWS(_xlfn.ANCHORARRAY(A5)) -> 103
A152: Common Securities: | B152: {=SUMPRODUCT((_xlfn.ANCHORARRAY(C5)>0)*(_xlfn.ANCHORARRAY(D5)>0))} -> 8
A154: PORTFOLIO OVERLAP (%) | B154: =SUM(_xlfn.ANCHORARRAY(E5)) -> 9.96

Sheet QTSF vs QSCAPF
A1: Portfolio Overlap Calculation: QTSF vs QSCAPF
A2: Based on Methodology from Annexure A (Auto-updates when Equity sheet changes)
A4: ISIN | B4: Security Name | C4: QTSF Weightage (%) | D4: QSCAPF Weightage (%) | E4: Overlap (Min of both) (%)
A5: {=_xlfn._xlws.FILTER('Equity Lookup'!$A$7:$A$200,('Equity Lookup'!$G$7:$G$200>0)+('Equity Lookup'!$F$7:$F$200>0))} -> INE009A01021 | B5: {=_xlfn._xlws.FILTER('Equity Lookup'!$B$7:$B$200,('Equity Lookup'!$G$7:$G$200>0)+('Equity Lookup'!$F$7:$F$200>0))} -> Infosys Ltd | C5: {=_xlfn._xlws.FILTER('Equity Lookup'!$G$7:$G$200,('Equity Lookup'!$G$7:$G$200>0)+('Equity Lookup'!$F$7:$F$200>0))} -> 3.8 | D5: {=_xlfn._xlws.FILTER('Equity Lookup'!$F$7:$F$200,('Equity Lookup'!$G$7:$G$200>0)+('Equity Lookup'!$F$7:$F$200>0))} -> 0.78 | E5: {=_xlfn.MAP(_xlfn.ANCHORARRAY(C5),_xlfn.ANCHORARRAY(D5),_xlfn.LAMBDA(_xlpm.a,_xlpm.b,MIN(_xlpm.a,_xlpm.b)))} -> 0.78
A6: INE00LO01017 | B6: Craftsman Automation Limited | C6: 0 | D6: 0.78 | E6: 0
A7: INE036D01028 | B7: Karur Vysya Bank Ltd | C7: 0 | D7: 2.67 | E7: 0
A8: INE03Q201024 | B8: Alivus Life Sciences Limited | C8: 0 | D8: 2.36 | E8: 0
A9: INE040A01034 | B9: HDFC Bank Ltd | C9: 7.67 | D9: 1.54 | E9: 1.54
A10: INE040D01038 | B10: Mayur Uniquoters Ltd | C10: 0 | D10: 2.75 | E10: 0
A11: INE059A01026 | B11: Cipla Ltd | C11: 3.08 | D11: 0 | E11: 0
A12: INE062A01020 | B12: State Bank of India | C12: 2.89 | D12: 0 | E12: 0
A13: INE063P01018 | B13: Equitas Small Finance Bank Limited | C13: 0 | D13: 2.26 | E13: 0
A14: INE075A01022 | B14: Wipro Ltd | C14: 2.42 | D14: 0 | E14: 0
A15: INE079J01017 | B15: Gateway Distriparks Limited | C15: 0 | D15: 1.67 | E15: 0
A16: INE07RO01027 | B16: Supriya Lifescience Limited | C16: 0 | D16: 4.47 | E16: 0
A17: INE081A01020 | B17: Tata Steel Ltd | C17: 0.32 | D17: 0 | E17: 0
... A82: INE985S01024 | B82: TeamLease Services Limited | C82: 0 | D82: 0.91 | E82: 0
A150: SUMMARY
A151: Total Securities: | B151: =ROWS(_xlfn.ANCHORARRAY(A5)) -> 78
A152: Common Securities: | B152: {=SUMPRODUCT((_xlfn.ANCHORARRAY(C5)>0)*(_xlfn.ANCHORARRAY(D5)>0))} -> 12
A154: PORTFOLIO OVERLAP (%) | B154: =SUM(_xlfn.ANCHORARRAY(E5)) -> 17.34

Sheet QSCAPF vs QETHICAL
A1: Portfolio Overlap Calculation: QSCAPF vs QETHICAL
A2: Based on Methodology from Annexure A (Auto-updates when Equity sheet changes)
A4: ISIN | B4: Security Name | C4: QSCAPF Weightage (%) | D4: QETHICAL Weightage (%) | E4: Overlap (Min of both) (%)
A5: {=_xlfn._xlws.FILTER('Equity Lookup'!$A$7:$A$200,('Equity Lookup'!$F$7:$F$200>0)+('Equity Lookup'!$E$7:$E$200>0))} -> INE009A01021 | B5: {=_xlfn._xlws.FILTER('Equity Lookup'!$B$7:$B$200,('Equity Lookup'!$F$7:$F$200>0)+('Equity Lookup'!$E$7:$E$200>0))} -> Infosys Ltd | C5: {=_xlfn._xlws.FILTER('Equity Lookup'!$F$7:$F$200,('Equity Lookup'!$F$7:$F$200>0)+('Equity Lookup'!$E$7:$E$200>0))} -> 0.78 | D5: {=_xlfn._xlws.FILTER('Equity Lookup'!$E$7:$E$200,('Equity Lookup'!$F$7:$F$200>0)+('Equity Lookup'!$E$7:$E$200>0))} -> 1.93 | E5: {=_xlfn.MAP(_xlfn.ANCHORARRAY(C5),_xlfn.ANCHORARRAY(D5),_xlfn.LAMBDA(_xlpm.a,_xlpm.b,MIN(_xlpm.a,_xlpm.b)))} -> 0.78
A6: INE00LO01017 | B6: Craftsman Automation Limited | C6: 0.78 | D6: 0 | E6: 0
A7: INE02PY01013 | B7: Borosil Limited | C7: 0 | D7: 0.86 | E7: 0
A8: INE036D01028 | B8: Karur Vysya Bank Ltd | C8: 2.67 | D8: 0 | E8: 0
A9: INE03Q201024 | B9: Alivus Life Sciences Limited | C9: 2.36 | D9: 0 | E9: 0
A10: INE040A01034 | B10: HDFC Bank Ltd | C10: 1.54 | D10: 0 | E10: 0
A11: INE040D01038 | B11: Mayur Uniquoters Ltd | C11: 2.75 | D11: 0 | E11: 0
A12: INE063P01018 | B12: Equitas Small Finance Bank Limited | C12: 2.26 | D12: 0 | E12: 0
A13: INE066A01021 | B13: Eicher Motors Limited | C13: 0 | D13: 2.92 | E13: 0
A14: INE079J01017 | B14: Gateway Distriparks Limited | C14: 1.67 | D14: 0 | E14: 0
A15: INE07RO01027 | B15: Supriya Lifescience Limited | C15: 4.47 | D15: 0 | E15: 0
A16: INE07Y701011 | B16: Hitachi Energy India Limited | C16: 0 | D16: 3.94 | E16: 0
A17: INE08U801020 | B17: Samhi Hotels Limited | C17: 1.84 | D17: 0 | E17: 0
... A104: INE985S01024 | B104: TeamLease Services Limited | C104: 0.91 | D104: 0 | E104: 0
A150: SUMMARY
A151: Total Securities: | B151: =ROWS(_xlfn.ANCHORARRAY(A5)) -> 100
A152: Common Securities: | B152: {=SUMPRODUCT((_xlfn.ANCHORARRAY(C5)>0)*(_xlfn.ANCHORARRAY(D5)>0))} -> 4
A154: PORTFOLIO OVERLAP (%) | B154: =SUM(_xlfn.ANCHORARRAY(E5)) -> 5.91

Sheet QLTEF vs QMULTI
A1: Portfolio Overlap Calculation: QLTEF vs QMULTI
A2: Based on Equity Holdings
A4: ISIN | B4: Security Name | C4: QLTEF Weightage (%) | D4: QMULTI Weightage (%) | E4: Overlap (Min Weightage)
A5: {=_xlfn._xlws.FILTER('Equity Lookup'!$A$7:$A$200,('Equity Lookup'!$C$7:$C$200>0)+('Equity Lookup'!$H$7:$H$200>0))} -> IN0020230119 | B5: {=_xlfn._xlws.FILTER('Equity Lookup'!$B$7:$B$200,('Equity Lookup'!$C$7:$C$200>0)+('Equity Lookup'!$H$7:$H$200>0))} -> 7.33% GOI (MD 30/10/2026) | C5: {=_xlfn._xlws.FILTER('Equity Lookup'!$C$7:$C$200,('Equity Lookup'!$C$7:$C$200>0)+('Equity Lookup'!$H$7:$H$200>0))} -> 0 | D5: {=_xlfn._xlws.FILTER('Equity Lookup'!$H$7:$H$200,('Equity Lookup'!$C$7:$C$200>0)+('Equity Lookup'!$H$7:$H$200>0))} -> 0.79 | E5: {=_xlfn.MAP(_xlfn.ANCHORARRAY(C5),_xlfn.ANCHORARRAY(D5),_xlfn.LAMBDA(_xlpm.a,_xlpm.b,MIN(_xlpm.a,_xlpm.b)))} -> 0
A6: IN0020250075 | B6: 7.24% GOI (MD 18/08/2055) | C6: 0 | D6: 1.91 | E6: 0
A7: IN0020260025 | B7: 6.94% GOI (MD 11/05/2036) | C7: 0 | D7: 1.78 | E7: 0
A8: IN3120240681 | B8: 6.89% Tamilnadu SDL (MD 19/09/2028) | C8: 0 | D8: 17.61 | E8: 0
A9: IN3120250391 | B9: 6.55% Tamilnadu SDL (MD 19/11/2029) | C9: 0 | D9: 8.7 | E9: 0
A10: INE009A01021 | B10: Infosys Ltd | C10: 3.92 | D10: 2.35 | E10: 2.35
A11: INE021A01026 | B11: Asian Paints Ltd | C11: 0 | D11: 0.48 | E11: 0
A12: INE030A01027 | B12: Hindustan Unilever Ltd | C12: 0 | D12: 0.7 | E12: 0
A13: INE040A01034 | B13: HDFC Bank Ltd | C13: 7.75 | D13: 4.77 | E13: 4.77
A14: INE059A01026 | B14: Cipla Ltd | C14: 2.94 | D14: 1.54 | E14: 1.54
A15: INE062A01020 | B15: State Bank of India | C15: 2.57 | D15: 2.52 | E15: 2.52
A16: INE066A01021 | B16: Eicher Motors Limited | C16: 0 | D16: 0.79 | E16: 0
A17: INE075A01022 | B17: Wipro Ltd | C17: 2.52 | D17: 0.68 | E17: 0.68
... A56: INF082J01408 | B56: Quantum Gold ETF | C56: 0 | D56: 14.55 | E56: 0
A150: SUMMARY
A151: Total Securities: | B151: =ROWS(_xlfn.ANCHORARRAY(A5)) -> 52
A152: Common Securities: | B152: {=SUMPRODUCT((_xlfn.ANCHORARRAY(C5)>0)*(_xlfn.ANCHORARRAY(D5)>0))} -> 25
A154: PORTFOLIO OVERLAP (%) | B154: =SUM(_xlfn.ANCHORARRAY(E5)) -> 43.07

Sheet QDBF vs QLF
A1: Portfolio Overlap Calculation: QDBF vs QLF
A2: Based on Debt Holdings
A4: ISIN | B4: Security Name | C4: QDBF Weightage (%) | D4: QLF Weightage (%) | E4: Overlap (Min Weightage)
A5: {=_xlfn._xlws.FILTER('Debt Lookup'!$A$7:$A$100,('Debt Lookup'!$C$7:$C$100>0)+('Debt Lookup'!$D$7:$D$100>0))} -> IN0020240050 | B5: {=_xlfn._xlws.FILTER('Debt Lookup'!$B$7:$B$100,('Debt Lookup'!$C$7:$C$100>0)+('Debt Lookup'!$D$7:$D$100>0))} -> 7.04% GOI (MD 03/06/2029) | C5: {=_xlfn._xlws.FILTER('Debt Lookup'!$C$7:$C$100,('Debt Lookup'!$C$7:$C$100>0)+('Debt Lookup'!$D$7:$D$100>0))} -> 5.89 | D5: {=_xlfn._xlws.FILTER('Debt Lookup'!$D$7:$D$100,('Debt Lookup'!$C$7:$C$100>0)+('Debt Lookup'!$D$7:$D$100>0))} -> 0 | E5: {=_xlfn.MAP(_xlfn.ANCHORARRAY(C5),_xlfn.ANCHORARRAY(D5),_xlfn.LAMBDA(_xlpm.a,_xlpm.b,MIN(_xlpm.a,_xlpm.b)))} -> 0
A6: IN0020250042 | B6: 6.68% GOI (MD 07/07/2040) | C6: 16.81 | D6: 0 | E6: 0
A7: IN0020250075 | B7: 7.24% GOI (MD 18/08/2055) | C7: 34.22 | D7: 0 | E7: 0
A8: IN0020250091 | B8: 6.48% GOI (MD 06/10/2035) | C8: 1.13 | D8: 0 | E8: 0
A9: IN002025Y487 | B9: 182 Days Tbill (MD 03/09/2026) | C9: 0 | D9: 4.66 | E9: 0
A10: IN002025Z153 | B10: 364 Days Tbill (MD 09/07/2026) | C10: 0 | D10: 4.7 | E10: 0
A11: IN002025Z252 | B11: 364 Days Tbill (MD 17/09/2026) | C11: 0 | D11: 4.65 | E11: 0
A12: IN002026X032 | B12: 91 Days Tbill (MD 23/07/2026) | C12: 0 | D12: 4.69 | E12: 0
A13: IN002026X040 | B13: 91 Days Tbill (MD 30/07/2026) | C13: 0 | D13: 6.56 | E13: 0
A14: IN002026X057 | B14: 91 Days Tbill (MD 06/08/2026) | C14: 0 | D14: 6.55 | E14: 0
A15: IN1520160061 | B15: 7.83% Gujarat SDL(MD 13/07/2026) | C15: 0 | D15: 5.65 | E15: 0
A16: IN1520250144 | B16: 7.07% Gujarat SDL (MD 24/09/2032) | C16: 0.83 | D16: 0 | E16: 0
A17: IN1920250074 | B17: 7.16% Karnataka SDL (MD 07/07/2031) | C17: 5.78 | D17: 0 | E17: 0
... A34: INF0RQ622028 | B34: Corporate Debt Market Development Fund Class A2 | C34: 0.44 | D34: 0.34 | E34: 0.34
A50: SUMMARY
A51: Total Securities: | B51: =ROWS(_xlfn.ANCHORARRAY(A5)) -> 30
A52: Common Securities: | B52: {=SUMPRODUCT((_xlfn.ANCHORARRAY(C5)>0)*(_xlfn.ANCHORARRAY(D5)>0))} -> 1
A54: PORTFOLIO OVERLAP (%) | B54: =SUM(_xlfn.ANCHORARRAY(E5)) -> 0.34

Sheet QDBF vs QMULTI
A1: Portfolio Overlap Calculation: QDBF vs QMULTI
A2: Debt Securities Only (QMULTI has no debt holdings)
A4: ISIN | B4: Security Name | C4: QDBF Weightage (%) | D4: QMULTI Weightage (%) | E4: Overlap (Min Weightage)
A5: {=_xlfn._xlws.FILTER('Debt Lookup'!$A$7:$A$100,('Debt Lookup'!$C$7:$C$100>0)+('Debt Lookup'!$E$7:$E$100>0))} -> IN0020240050 | B5: {=_xlfn._xlws.FILTER('Debt Lookup'!$B$7:$B$100,('Debt Lookup'!$C$7:$C$100>0)+('Debt Lookup'!$E$7:$E$100>0))} -> 7.04% GOI (MD 03/06/2029) | C5: {=_xlfn._xlws.FILTER('Debt Lookup'!$C$7:$C$100,('Debt Lookup'!$C$7:$C$100>0)+('Debt Lookup'!$E$7:$E$100>0))} -> 5.89 | D5: {=_xlfn._xlws.FILTER('Debt Lookup'!$E$7:$E$100,('Debt Lookup'!$C$7:$C$100>0)+('Debt Lookup'!$E$7:$E$100>0))} -> 0 | E5: {=_xlfn.MAP(_xlfn.ANCHORARRAY(C5),_xlfn.ANCHORARRAY(D5),_xlfn.LAMBDA(_xlpm.a,_xlpm.b,MIN(_xlpm.a,_xlpm.b)))} -> 0
A6: IN0020250042 | B6: 6.68% GOI (MD 07/07/2040) | C6: 16.81 | D6: 0 | E6: 0
A7: IN0020250075 | B7: 7.24% GOI (MD 18/08/2055) | C7: 34.22 | D7: 0 | E7: 0
A8: IN0020250091 | B8: 6.48% GOI (MD 06/10/2035) | C8: 1.13 | D8: 0 | E8: 0
A9: IN1520250144 | B9: 7.07% Gujarat SDL (MD 24/09/2032) | C9: 0.83 | D9: 0 | E9: 0
A10: IN1920250074 | B10: 7.16% Karnataka SDL (MD 07/07/2031) | C10: 5.78 | D10: 0 | E10: 0
A11: IN3120250276 | B11: 7.05% Tamilnadu SDL (MD 17/09/2031) | C11: 5.75 | D11: 0 | E11: 0
A12: INE134E08JQ3 | B12: 8.95% Power Fin Corp Ltd SR 178 NCD (MD 10/10/28) | C12: 5.96 | D12: 0 | E12: 0
A13: INE261F08EU4 | B13: 7.44% NABARD NCD SR 26F (MD 17/07/2029) | C13: 5.79 | D13: 0 | E13: 0
A14: INE556F08KS8 | B14: 7.34% SIDBI NCD Ser III (MD 26/02/2029) | C14: 5.77 | D14: 0 | E14: 0
A15: INE557F08GE4 | B15: 6.80% National Housing Bank NCD (MD 02/04/2032) | C15: 5.66 | D15: 0 | E15: 0
A16: INF0RQ622028 | B16: Corporate Debt Market Development Fund Class A2 | C16: 0.44 | D16: 0 | E16: 0
A50: SUMMARY
A51: Total Securities: | B51: =ROWS(_xlfn.ANCHORARRAY(A5)) -> 12
A52: Common Securities: | B52: {=SUMPRODUCT((_xlfn.ANCHORARRAY(C5)>0)*(_xlfn.ANCHORARRAY(D5)>0))} -> 0
A54: PORTFOLIO OVERLAP (%) | B54: =SUM(_xlfn.ANCHORARRAY(E5)) -> 0

Sheet QLF vs QMULTI
A1: Portfolio Overlap Calculation: QLF vs QMULTI
A2: Debt Securities Only (QMULTI has no debt holdings)
A4: ISIN | B4: Security Name | C4: QLF Weightage (%) | D4: QMULTI Weightage (%) | E4: Overlap (Min Weightage)
A5: {=_xlfn._xlws.FILTER('Debt Lookup'!$A$7:$A$100,('Debt Lookup'!$D$7:$D$100>0)+('Debt Lookup'!$E$7:$E$100>0))} -> IN002025Y487 | B5: {=_xlfn._xlws.FILTER('Debt Lookup'!$B$7:$B$100,('Debt Lookup'!$D$7:$D$100>0)+('Debt Lookup'!$E$7:$E$100>0))} -> 182 Days Tbill (MD 03/09/2026) | C5: {=_xlfn._xlws.FILTER('Debt Lookup'!$D$7:$D$100,('Debt Lookup'!$D$7:$D$100>0)+('Debt Lookup'!$E$7:$E$100>0))} -> 4.66 | D5: {=_xlfn._xlws.FILTER('Debt Lookup'!$E$7:$E$100,('Debt Lookup'!$D$7:$D$100>0)+('Debt Lookup'!$E$7:$E$100>0))} -> 0 | E5: {=_xlfn.MAP(_xlfn.ANCHORARRAY(C5),_xlfn.ANCHORARRAY(D5),_xlfn.LAMBDA(_xlpm.a,_xlpm.b,MIN(_xlpm.a,_xlpm.b)))} -> 0
A6: IN002025Z153 | B6: 364 Days Tbill (MD 09/07/2026) | C6: 4.7 | D6: 0 | E6: 0
A7: IN002025Z252 | B7: 364 Days Tbill (MD 17/09/2026) | C7: 4.65 | D7: 0 | E7: 0
A8: IN002026X032 | B8: 91 Days Tbill (MD 23/07/2026) | C8: 4.69 | D8: 0 | E8: 0
A9: IN002026X040 | B9: 91 Days Tbill (MD 30/07/2026) | C9: 6.56 | D9: 0 | E9: 0
A10: IN002026X057 | B10: 91 Days Tbill (MD 06/08/2026) | C10: 6.55 | D10: 0 | E10: 0
A11: IN1520160061 | B11: 7.83% Gujarat SDL(MD 13/07/2026) | C11: 5.65 | D11: 0 | E11: 0
A12: INE028A16ME8 | B12: Bank of Baroda CD (MD 14/08/2026) | C12: 4.67 | D12: 0 | E12: 0
A13: INE031A08889 | B13: 7.48% HUDCO Sr A NCD (MD 20/08/2026) | C13: 4.71 | D13: 0 | E13: 0
A14: INE134E08LP1 | B14: 7.13% Power Fin Corp NCD BS216 (MD 15/07/2026) | C14: 6.59 | D14: 0 | E14: 0
A15: INE134E08MT1 | B15: 7.64% Power Fin NCD 233B (MD 25/08/2026) | C15: 0.94 | D15: 0 | E15: 0
A16: INE160A16UT0 | B16: Punjab National Bank CD (MD 15/09/2026) | C16: 7.43 | D16: 0 | E16: 0
A17: INE261F14PF9 | B17: National Bank For Agri & Rural CP (MD 07/08/2026) | C17: 7.48 | D17: 0 | E17: 0
... A23: INF0RQ622028 | B23: Corporate Debt Market Development Fund Class A2 | C23: 0.34 | D23: 0 | E23: 0
A50: SUMMARY
A51: Total Securities: | B51: =ROWS(_xlfn.ANCHORARRAY(A5)) -> 19
A52: Common Securities: | B52: {=SUMPRODUCT((_xlfn.ANCHORARRAY(C5)>0)*(_xlfn.ANCHORARRAY(D5)>0))} -> 0
A54: PORTFOLIO OVERLAP (%) | B54: =SUM(_xlfn.ANCHORARRAY(E5)) -> 0

Sheet QMULTI vs QESG
A1: Portfolio Overlap Calculation: QMULTI vs QESG
A2: Based on Equity Holdings (Methodology from Annexure A)
A4: ISIN | B4: Security Name | C4: QMULTI Weightage (%) | D4: QESG Weightage (%) | E4: Overlap (Min Weightage)
A5: {=_xlfn._xlws.FILTER('Equity Lookup'!$A$7:$A$200,('Equity Lookup'!$H$7:$H$200>0)+('Equity Lookup'!$D$7:$D$200>0))} -> IN0020230119 | B5: {=_xlfn._xlws.FILTER('Equity Lookup'!$B$7:$B$200,('Equity Lookup'!$H$7:$H$200>0)+('Equity Lookup'!$D$7:$D$200>0))} -> 7.33% GOI (MD 30/10/2026) | C5: {=_xlfn._xlws.FILTER('Equity Lookup'!$H$7:$H$200,('Equity Lookup'!$H$7:$H$200>0)+('Equity Lookup'!$D$7:$D$200>0))} -> 0.79 | D5: {=_xlfn._xlws.FILTER('Equity Lookup'!$D$7:$D$200,('Equity Lookup'!$H$7:$H$200>0)+('Equity Lookup'!$D$7:$D$200>0))} -> 0 | E5: {=_xlfn.MAP(_xlfn.ANCHORARRAY(C5),_xlfn.ANCHORARRAY(D5),_xlfn.LAMBDA(_xlpm.a,_xlpm.b,MIN(_xlpm.a,_xlpm.b)))} -> 0
A6: IN0020250075 | B6: 7.24% GOI (MD 18/08/2055) | C6: 1.91 | D6: 0 | E6: 0
A7: IN0020260025 | B7: 6.94% GOI (MD 11/05/2036) | C7: 1.78 | D7: 0 | E7: 0
A8: IN3120240681 | B8: 6.89% Tamilnadu SDL (MD 19/09/2028) | C8: 17.61 | D8: 0 | E8: 0
A9: IN3120250391 | B9: 6.55% Tamilnadu SDL (MD 19/11/2029) | C9: 8.7 | D9: 0 | E9: 0
A10: INE009A01021 | B10: Infosys Ltd | C10: 2.35 | D10: 2 | E10: 2
A11: INE021A01026 | B11: Asian Paints Ltd | C11: 0.48 | D11: 0 | E11: 0
A12: INE030A01027 | B12: Hindustan Unilever Ltd | C12: 0.7 | D12: 0 | E12: 0
A13: INE040A01034 | B13: HDFC Bank Ltd | C13: 4.77 | D13: 4.37 | E13: 4.37
A14: INE059A01026 | B14: Cipla Ltd | C14: 1.54 | D14: 0 | E14: 0
A15: INE062A01020 | B15: State Bank of India | C15: 2.52 | D15: 0 | E15: 0
A16: INE066A01021 | B16: Eicher Motors Limited | C16: 0.79 | D16: 1.82 | E16: 0.79
A17: INE075A01022 | B17: Wipro Ltd | C17: 0.68 | D17: 0.51 | E17: 0.51
... A83: INF082J01408 | B83: Quantum Gold ETF | C83: 14.55 | D83: 0 | E83: 0
A150: SUMMARY
A151: Total Securities: | B151: =ROWS(_xlfn.ANCHORARRAY(A5)) -> 79
A152: Common Securities: | B152: {=SUMPRODUCT((_xlfn.ANCHORARRAY(C5)>0)*(_xlfn.ANCHORARRAY(D5)>0))} -> 19
A154: PORTFOLIO OVERLAP (%) | B154: =SUM(_xlfn.ANCHORARRAY(E5)) -> 24.36

Sheet QMULTI vs QETHICAL
A1: Portfolio Overlap Calculation: QMULTI vs QETHICAL
A2: Based on Equity Holdings (Methodology from Annexure A)
A4: ISIN | B4: Security Name | C4: QMULTI Weightage (%) | D4: QETHICAL Weightage (%) | E4: Overlap (Min Weightage)
A5: {=_xlfn._xlws.FILTER('Equity Lookup'!$A$7:$A$200,('Equity Lookup'!$H$7:$H$200>0)+('Equity Lookup'!$E$7:$E$200>0))} -> IN0020230119 | B5: {=_xlfn._xlws.FILTER('Equity Lookup'!$B$7:$B$200,('Equity Lookup'!$H$7:$H$200>0)+('Equity Lookup'!$E$7:$E$200>0))} -> 7.33% GOI (MD 30/10/2026) | C5: {=_xlfn._xlws.FILTER('Equity Lookup'!$H$7:$H$200,('Equity Lookup'!$H$7:$H$200>0)+('Equity Lookup'!$E$7:$E$200>0))} -> 0.79 | D5: {=_xlfn._xlws.FILTER('Equity Lookup'!$E$7:$E$200,('Equity Lookup'!$H$7:$H$200>0)+('Equity Lookup'!$E$7:$E$200>0))} -> 0 | E5: {=_xlfn.MAP(_xlfn.ANCHORARRAY(C5),_xlfn.ANCHORARRAY(D5),_xlfn.LAMBDA(_xlpm.a,_xlpm.b,MIN(_xlpm.a,_xlpm.b)))} -> 0
A6: IN0020250075 | B6: 7.24% GOI (MD 18/08/2055) | C6: 1.91 | D6: 0 | E6: 0
A7: IN0020260025 | B7: 6.94% GOI (MD 11/05/2036) | C7: 1.78 | D7: 0 | E7: 0
A8: IN3120240681 | B8: 6.89% Tamilnadu SDL (MD 19/09/2028) | C8: 17.61 | D8: 0 | E8: 0
A9: IN3120250391 | B9: 6.55% Tamilnadu SDL (MD 19/11/2029) | C9: 8.7 | D9: 0 | E9: 0
A10: INE009A01021 | B10: Infosys Ltd | C10: 2.35 | D10: 1.93 | E10: 1.93
A11: INE021A01026 | B11: Asian Paints Ltd | C11: 0.48 | D11: 0 | E11: 0
A12: INE02PY01013 | B12: Borosil Limited | C12: 0 | D12: 0.86 | E12: 0
A13: INE030A01027 | B13: Hindustan Unilever Ltd | C13: 0.7 | D13: 0 | E13: 0
A14: INE040A01034 | B14: HDFC Bank Ltd | C14: 4.77 | D14: 0 | E14: 0
A15: INE059A01026 | B15: Cipla Ltd | C15: 1.54 | D15: 0 | E15: 0
A16: INE062A01020 | B16: State Bank of India | C16: 2.52 | D16: 0 | E16: 0
A17: INE066A01021 | B17: Eicher Motors Limited | C17: 0.79 | D17: 2.92 | E17: 0.79
... A84: INF082J01408 | B84: Quantum Gold ETF | C84: 14.55 | D84: 0 | E84: 0
A150: SUMMARY
A151: Total Securities: | B151: =ROWS(_xlfn.ANCHORARRAY(A5)) -> 80
A152: Common Securities: | B152: {=SUMPRODUCT((_xlfn.ANCHORARRAY(C5)>0)*(_xlfn.ANCHORARRAY(D5)>0))} -> 11
A154: PORTFOLIO OVERLAP (%) | B154: =SUM(_xlfn.ANCHORARRAY(E5)) -> 13.34

Sheet QMULTI vs QSCAPF
A1: Portfolio Overlap Calculation: QMULTI vs QSCAPF
A2: Based on Equity Holdings (Methodology from Annexure A)
A4: ISIN | B4: Security Name | C4: QMULTI Weightage (%) | D4: QSCAPF Weightage (%) | E4: Overlap (Min Weightage)
A5: {=_xlfn._xlws.FILTER('Equity Lookup'!$A$7:$A$200,('Equity Lookup'!$H$7:$H$200>0)+('Equity Lookup'!$F$7:$F$200>0))} -> IN0020230119 | B5: {=_xlfn._xlws.FILTER('Equity Lookup'!$B$7:$B$200,('Equity Lookup'!$H$7:$H$200>0)+('Equity Lookup'!$F$7:$F$200>0))} -> 7.33% GOI (MD 30/10/2026) | C5: {=_xlfn._xlws.FILTER('Equity Lookup'!$H$7:$H$200,('Equity Lookup'!$H$7:$H$200>0)+('Equity Lookup'!$F$7:$F$200>0))} -> 0.79 | D5: {=_xlfn._xlws.FILTER('Equity Lookup'!$F$7:$F$200,('Equity Lookup'!$H$7:$H$200>0)+('Equity Lookup'!$F$7:$F$200>0))} -> 0 | E5: {=_xlfn.MAP(_xlfn.ANCHORARRAY(C5),_xlfn.ANCHORARRAY(D5),_xlfn.LAMBDA(_xlpm.a,_xlpm.b,MIN(_xlpm.a,_xlpm.b)))} -> 0
A6: IN0020250075 | B6: 7.24% GOI (MD 18/08/2055) | C6: 1.91 | D6: 0 | E6: 0
A7: IN0020260025 | B7: 6.94% GOI (MD 11/05/2036) | C7: 1.78 | D7: 0 | E7: 0
A8: IN3120240681 | B8: 6.89% Tamilnadu SDL (MD 19/09/2028) | C8: 17.61 | D8: 0 | E8: 0
A9: IN3120250391 | B9: 6.55% Tamilnadu SDL (MD 19/11/2029) | C9: 8.7 | D9: 0 | E9: 0
A10: INE009A01021 | B10: Infosys Ltd | C10: 2.35 | D10: 0.78 | E10: 0.78
A11: INE00LO01017 | B11: Craftsman Automation Limited | C11: 0 | D11: 0.78 | E11: 0
A12: INE021A01026 | B12: Asian Paints Ltd | C12: 0.48 | D12: 0 | E12: 0
A13: INE030A01027 | B13: Hindustan Unilever Ltd | C13: 0.7 | D13: 0 | E13: 0
A14: INE036D01028 | B14: Karur Vysya Bank Ltd | C14: 0 | D14: 2.67 | E14: 0
A15: INE03Q201024 | B15: Alivus Life Sciences Limited | C15: 0 | D15: 2.36 | E15: 0
A16: INE040A01034 | B16: HDFC Bank Ltd | C16: 4.77 | D16: 1.54 | E16: 1.54
A17: INE040D01038 | B17: Mayur Uniquoters Ltd | C17: 0 | D17: 2.75 | E17: 0
... A98: INF082J01408 | B98: Quantum Gold ETF | C98: 14.55 | D98: 0 | E98: 0
A150: SUMMARY
A151: Total Securities: | B151: =ROWS(_xlfn.ANCHORARRAY(A5)) -> 94
A152: Common Securities: | B152: {=SUMPRODUCT((_xlfn.ANCHORARRAY(C5)>0)*(_xlfn.ANCHORARRAY(D5)>0))} -> 11
A154: PORTFOLIO OVERLAP (%) | B154: =SUM(_xlfn.ANCHORARRAY(E5)) -> 15.04

Sheet QMULTI vs QTSF
A1: Portfolio Overlap Calculation: QMULTI vs QTSF
A2: Based on Equity Holdings (Methodology from Annexure A)
A4: ISIN | B4: Security Name | C4: QMULTI Weightage (%) | D4: QTSF Weightage (%) | E4: Overlap (Min Weightage)
A5: {=_xlfn._xlws.FILTER('Equity Lookup'!$A$7:$A$200,('Equity Lookup'!$H$7:$H$200>0)+('Equity Lookup'!$G$7:$G$200>0))} -> IN0020230119 | B5: {=_xlfn._xlws.FILTER('Equity Lookup'!$B$7:$B$200,('Equity Lookup'!$H$7:$H$200>0)+('Equity Lookup'!$G$7:$G$200>0))} -> 7.33% GOI (MD 30/10/2026) | C5: {=_xlfn._xlws.FILTER('Equity Lookup'!$H$7:$H$200,('Equity Lookup'!$H$7:$H$200>0)+('Equity Lookup'!$G$7:$G$200>0))} -> 0.79 | D5: {=_xlfn._xlws.FILTER('Equity Lookup'!$G$7:$G$200,('Equity Lookup'!$H$7:$H$200>0)+('Equity Lookup'!$G$7:$G$200>0))} -> 0 | E5: {=_xlfn.MAP(_xlfn.ANCHORARRAY(C5),_xlfn.ANCHORARRAY(D5),_xlfn.LAMBDA(_xlpm.a,_xlpm.b,MIN(_xlpm.a,_xlpm.b)))} -> 0
A6: IN0020250075 | B6: 7.24% GOI (MD 18/08/2055) | C6: 1.91 | D6: 0 | E6: 0
A7: IN0020260025 | B7: 6.94% GOI (MD 11/05/2036) | C7: 1.78 | D7: 0 | E7: 0
A8: IN3120240681 | B8: 6.89% Tamilnadu SDL (MD 19/09/2028) | C8: 17.61 | D8: 0 | E8: 0
A9: IN3120250391 | B9: 6.55% Tamilnadu SDL (MD 19/11/2029) | C9: 8.7 | D9: 0 | E9: 0
A10: INE009A01021 | B10: Infosys Ltd | C10: 2.35 | D10: 3.8 | E10: 2.35
A11: INE021A01026 | B11: Asian Paints Ltd | C11: 0.48 | D11: 0 | E11: 0
A12: INE030A01027 | B12: Hindustan Unilever Ltd | C12: 0.7 | D12: 0 | E12: 0
A13: INE040A01034 | B13: HDFC Bank Ltd | C13: 4.77 | D13: 7.67 | E13: 4.77
A14: INE059A01026 | B14: Cipla Ltd | C14: 1.54 | D14: 3.08 | E14: 1.54
A15: INE062A01020 | B15: State Bank of India | C15: 2.52 | D15: 2.89 | E15: 2.52
A16: INE066A01021 | B16: Eicher Motors Limited | C16: 0.79 | D16: 0 | E16: 0
A17: INE075A01022 | B17: Wipro Ltd | C17: 0.68 | D17: 2.42 | E17: 0.68
... A56: INF082J01408 | B56: Quantum Gold ETF | C56: 14.55 | D56: 0 | E56: 0
A150: SUMMARY
A151: Total Securities: | B151: =ROWS(_xlfn.ANCHORARRAY(A5)) -> 52
A152: Common Securities: | B152: {=SUMPRODUCT((_xlfn.ANCHORARRAY(C5)>0)*(_xlfn.ANCHORARRAY(D5)>0))} -> 25
A154: PORTFOLIO OVERLAP (%) | B154: =SUM(_xlfn.ANCHORARRAY(E5)) -> 42.93

Sheet Equity Lookup
A1: Equity Scheme Weightage Lookup - Auto-updates from Equity Sheet
A2: This sheet extracts unique ISINs and weightages for each scheme | J2: PORTFOLIO OVERLAP SUMMARY (%)
J3: QLTEF vs QESG: | K3: =SUM(_xlfn.ANCHORARRAY(J7)) -> 25.18 | L3: QLTEF vs QSCAPF: | M3: =SUM(_xlfn.ANCHORARRAY(L7)) -> 17.34 | N3: QLTEF vs QMULTI: | O3: =SUM(_xlfn.ANCHORARRAY(N7)) -> 43.07 | P3: QESG vs QSCAPF: | Q3: =SUM(_xlfn.ANCHORARRAY(P7)) -> 9.96 | R3: QESG vs QMULTI: | S3: =SUM(_xlfn.ANCHORARRAY(R7)) -> 24.36 | T3: QETHICAL vs QTSF: | U3: =SUM(_xlfn.ANCHORARRAY(T7)) -> 14.38 | V3: QSCAPF vs QTSF: | W3: =SUM(_xlfn.ANCHORARRAY(V7)) -> 17.34 | X3: QTSF vs QMULTI: | Y3: =SUM(_xlfn.ANCHORARRAY(X7)) -> 42.93
A4: Instructions: This sheet auto-populates. Do NOT edit manually. | J4: QLTEF vs QETHICAL: | K4: =SUM(_xlfn.ANCHORARRAY(K7)) -> 14.23 | L4: QLTEF vs QTSF: | M4: =SUM(_xlfn.ANCHORARRAY(M7)) -> 92.19 | N4: QESG vs QETHICAL: | O4: =SUM(_xlfn.ANCHORARRAY(O7)) -> 63.2 | P4: QESG vs QTSF: | Q4: =SUM(_xlfn.ANCHORARRAY(Q7)) -> 25.44 | R4: QETHICAL vs QSCAPF: | S4: =SUM(_xlfn.ANCHORARRAY(S7)) -> 5.91 | T4: QETHICAL vs QMULTI: | U4: =SUM(_xlfn.ANCHORARRAY(U7)) -> 13.34 | V4: QSCAPF vs QMULTI: | W4: =SUM(_xlfn.ANCHORARRAY(W7)) -> 15.04
A6: ISIN | B6: Security Name | C6: QLTEF | D6: QESG | E6: QETHICAL | F6: QSCAPF | G6: QTSF | H6: QMULTI | J6: QLTEF vs QESG | K6: QLTEF vs QETHICAL | L6: QLTEF vs QSCAPF | M6: QLTEF vs QTSF | N6: QLTEF vs QMULTI | O6: QESG vs QETHICAL | P6: QESG vs QSCAPF | Q6: QESG vs QTSF | R6: QESG vs QMULTI | S6: QETHICAL vs QSCAPF | T6: QETHICAL vs QTSF | U6: QETHICAL vs QMULTI | V6: QSCAPF vs QTSF | W6: QSCAPF vs QMULTI | X6: QTSF vs QMULTI
A7: {=_xlfn.LET(_xlpm.allISIN,Equity!$D$4:$D$500,_xlpm.validISIN,_xlfn._xlws.FILTER(_xlpm.allISIN,(_xlpm.allISIN<>"")*(LEFT(_xlpm.allISIN,2)="IN")),_xlfn._xlws.SORT(_xlfn.UNIQUE(_xlpm.validISIN)))} -> IN0020230119 | B7: {=IFERROR(_xlfn.XLOOKUP(_xlfn.ANCHORARRAY(A7),Equity!$D$4:$D$500,Equity!$E$4:$E$500,""),"-")} -> 7.33% GOI (MD 30/10/2026) | C7: {=_xlfn.MAP(_xlfn.ANCHORARRAY(A7),_xlfn.LAMBDA(_xlpm.isin,IFERROR(SUMIFS(Equity!$U$4:$U$500,Equity!$D$4:$D$500,_xlpm.isin,Equity!$A$4:$A$500,"QLTEF")*100,0)))} -> 0 | D7: {=_xlfn.MAP(_xlfn.ANCHORARRAY(A7),_xlfn.LAMBDA(_xlpm.isin,IFERROR(SUMIFS(Equity!$U$4:$U$500,Equity!$D$4:$D$500,_xlpm.isin,Equity!$A$4:$A$500,"QESG")*100,0)))} -> 0 | E7: {=_xlfn.MAP(_xlfn.ANCHORARRAY(A7),_xlfn.LAMBDA(_xlpm.isin,IFERROR(SUMIFS(Equity!$U$4:$U$500,Equity!$D$4:$D$500,_xlpm.isin,Equity!$A$4:$A$500,"QETHICAL")*100,0)))} -> 0 | F7: {=_xlfn.MAP(_xlfn.ANCHORARRAY(A7),_xlfn.LAMBDA(_xlpm.isin,IFERROR(SUMIFS(Equity!$U$4:$U$500,Equity!$D$4:$D$500,_xlpm.isin,Equity!$A$4:$A$500,"QSCAPF")*100,0)))} -> 0 | G7: {=_xlfn.MAP(_xlfn.ANCHORARRAY(A7),_xlfn.LAMBDA(_xlpm.isin,IFERROR(SUMIFS(Equity!$U$4:$U$500,Equity!$D$4:$D$500,_xlpm.isin,Equity!$A$4:$A$500,"QTSF")*100,0)))} -> 0 | H7: {=_xlfn.MAP(_xlfn.ANCHORARRAY(A7),_xlfn.LAMBDA(_xlpm.isin,IFERROR(SUMIFS(Equity!$U$4:$U$500,Equity!$D$4:$D$500,_xlpm.isin,Equity!$A$4:$A$500,"QMULTI")*100,0)))} -> 0.79 | J7: {=_xlfn.MAP(_xlfn.ANCHORARRAY(C7),_xlfn.ANCHORARRAY(D7),_xlfn.LAMBDA(_xlpm.a,_xlpm.b,MIN(_xlpm.a,_xlpm.b)))} -> 0 | K7: {=_xlfn.MAP(_xlfn.ANCHORARRAY(C7),_xlfn.ANCHORARRAY(E7),_xlfn.LAMBDA(_xlpm.a,_xlpm.b,MIN(_xlpm.a,_xlpm.b)))} -> 0 | L7: {=_xlfn.MAP(_xlfn.ANCHORARRAY(C7),_xlfn.ANCHORARRAY(F7),_xlfn.LAMBDA(_xlpm.a,_xlpm.b,MIN(_xlpm.a,_xlpm.b)))} -> 0 | M7: {=_xlfn.MAP(_xlfn.ANCHORARRAY(C7),_xlfn.ANCHORARRAY(G7),_xlfn.LAMBDA(_xlpm.a,_xlpm.b,MIN(_xlpm.a,_xlpm.b)))} -> 0 | N7: {=_xlfn.MAP(_xlfn.ANCHORARRAY(C7),_xlfn.ANCHORARRAY(H7),_xlfn.LAMBDA(_xlpm.a,_xlpm.b,MIN(_xlpm.a,_xlpm.b)))} -> 0 | O7: {=_xlfn.MAP(_xlfn.ANCHORARRAY(D7),_xlfn.ANCHORARRAY(E7),_xlfn.LAMBDA(_xlpm.a,_xlpm.b,MIN(_xlpm.a,_xlpm.b)))} -> 0 | P7: {=_xlfn.MAP(_xlfn.ANCHORARRAY(D7),_xlfn.ANCHORARRAY(F7),_xlfn.LAMBDA(_xlpm.a,_xlpm.b,MIN(_xlpm.a,_xlpm.b)))} -> 0 | Q7: {=_xlfn.MAP(_xlfn.ANCHORARRAY(D7),_xlfn.ANCHORARRAY(G7),_xlfn.LAMBDA(_xlpm.a,_xlpm.b,MIN(_xlpm.a,_xlpm.b)))} -> 0 | R7: {=_xlfn.MAP(_xlfn.ANCHORARRAY(D7),_xlfn.ANCHORARRAY(H7),_xlfn.LAMBDA(_xlpm.a,_xlpm.b,MIN(_xlpm.a,_xlpm.b)))} -> 0 | S7: {=_xlfn.MAP(_xlfn.ANCHORARRAY(E7),_xlfn.ANCHORARRAY(F7),_xlfn.LAMBDA(_xlpm.a,_xlpm.b,MIN(_xlpm.a,_xlpm.b)))} -> 0 | T7: {=_xlfn.MAP(_xlfn.ANCHORARRAY(E7),_xlfn.ANCHORARRAY(G7),_xlfn.LAMBDA(_xlpm.a,_xlpm.b,MIN(_xlpm.a,_xlpm.b)))} -> 0 | U7: {=_xlfn.MAP(_xlfn.ANCHORARRAY(E7),_xlfn.ANCHORARRAY(H7),_xlfn.LAMBDA(_xlpm.a,_xlpm.b,MIN(_xlpm.a,_xlpm.b)))} -> 0 | V7: {=_xlfn.MAP(_xlfn.ANCHORARRAY(F7),_xlfn.ANCHORARRAY(G7),_xlfn.LAMBDA(_xlpm.a,_xlpm.b,MIN(_xlpm.a,_xlpm.b)))} -> 0 | W7: {=_xlfn.MAP(_xlfn.ANCHORARRAY(F7),_xlfn.ANCHORARRAY(H7),_xlfn.LAMBDA(_xlpm.a,_xlpm.b,MIN(_xlpm.a,_xlpm.b)))} -> 0 | X7: {=_xlfn.MAP(_xlfn.ANCHORARRAY(G7),_xlfn.ANCHORARRAY(H7),_xlfn.LAMBDA(_xlpm.a,_xlpm.b,MIN(_xlpm.a,_xlpm.b)))} -> 0
A8: IN0020250075 | B8: 7.24% GOI (MD 18/08/2055) | C8: 0 | D8: 0 | E8: 0 | F8: 0 | G8: 0 | H8: 1.91 | J8: 0 | K8: 0 | L8: 0 | M8: 0 | N8: 0 | O8: 0 | P8: 0 | Q8: 0 | R8: 0 | S8: 0 | T8: 0 | U8: 0 | V8: 0 | W8: 0 | X8: 0
A9: IN0020260025 | B9: 6.94% GOI (MD 11/05/2036) | C9: 0 | D9: 0 | E9: 0 | F9: 0 | G9: 0 | H9: 1.78 | J9: 0 | K9: 0 | L9: 0 | M9: 0 | N9: 0 | O9: 0 | P9: 0 | Q9: 0 | R9: 0 | S9: 0 | T9: 0 | U9: 0 | V9: 0 | W9: 0 | X9: 0
A10: IN3120240681 | B10: 6.89% Tamilnadu SDL (MD 19/09/2028) | C10: 0 | D10: 0 | E10: 0 | F10: 0 | G10: 0 | H10: 17.61 | J10: 0 | K10: 0 | L10: 0 | M10: 0 | N10: 0 | O10: 0 | P10: 0 | Q10: 0 | R10: 0 | S10: 0 | T10: 0 | U10: 0 | V10: 0 | W10: 0 | X10: 0
A11: IN3120250391 | B11: 6.55% Tamilnadu SDL (MD 19/11/2029) | C11: 0 | D11: 0 | E11: 0 | F11: 0 | G11: 0 | H11: 8.7 | J11: 0 | K11: 0 | L11: 0 | M11: 0 | N11: 0 | O11: 0 | P11: 0 | Q11: 0 | R11: 0 | S11: 0 | T11: 0 | U11: 0 | V11: 0 | W11: 0 | X11: 0
A12: INE002A01018 | B12: Reliance Industries Ltd | C12: 0 | D12: 0 | E12: 0 | F12: 0 | G12: 0 | H12: 0 | J12: 0 | K12: 0 | L12: 0 | M12: 0 | N12: 0 | O12: 0 | P12: 0 | Q12: 0 | R12: 0 | S12: 0 | T12: 0 | U12: 0 | V12: 0 | W12: 0 | X12: 0
A13: INE009A01021 | B13: Infosys Ltd | C13: 3.92 | D13: 2 | E13: 1.93 | F13: 0.78 | G13: 3.8 | H13: 2.35 | J13: 2 | K13: 1.93 | L13: 0.78 | M13: 3.8 | N13: 2.35 | O13: 1.93 | P13: 0.78 | Q13: 2 | R13: 2 | S13: 0.78 | T13: 1.93 | U13: 1.93 | V13: 0.78 | W13: 0.78 | X13: 2.35
A14: INE00LO01017 | B14: Craftsman Automation Limited | C14: 0 | D14: 0 | E14: 0 | F14: 0.78 | G14: 0 | H14: 0 | J14: 0 | K14: 0 | L14: 0 | M14: 0 | N14: 0 | O14: 0 | P14: 0 | Q14: 0 | R14: 0 | S14: 0 | T14: 0 | U14: 0 | V14: 0 | W14: 0 | X14: 0
A15: INE018A01030 | B15: Larsen & Toubro Ltd | C15: 0 | D15: 0 | E15: 0 | F15: 0 | G15: 0 | H15: 0 | J15: 0 | K15: 0 | L15: 0 | M15: 0 | N15: 0 | O15: 0 | P15: 0 | Q15: 0 | R15: 0 | S15: 0 | T15: 0 | U15: 0 | V15: 0 | W15: 0 | X15: 0
A16: INE019A01038 | B16: JSW Steel Ltd | C16: 0 | D16: 0 | E16: 0 | F16: 0 | G16: 0 | H16: 0 | J16: 0 | K16: 0 | L16: 0 | M16: 0 | N16: 0 | O16: 0 | P16: 0 | Q16: 0 | R16: 0 | S16: 0 | T16: 0 | U16: 0 | V16: 0 | W16: 0 | X16: 0
A17: INE021A01026 | B17: Asian Paints Ltd | C17: 0 | D17: 0 | E17: 0 | F17: 0 | G17: 0 | H17: 0.48 | J17: 0 | K17: 0 | L17: 0 | M17: 0 | N17: 0 | O17: 0 | P17: 0 | Q17: 0 | R17: 0 | S17: 0 | T17: 0 | U17: 0 | V17: 0 | W17: 0 | X17: 0
A18: INE027H01010 | B18: Max Healthcare Institute Limited | C18: 0 | D18: 0 | E18: 0 | F18: 0 | G18: 0 | H18: 0 | J18: 0 | K18: 0 | L18: 0 | M18: 0 | N18: 0 | O18: 0 | P18: 0 | Q18: 0 | R18: 0 | S18: 0 | T18: 0 | U18: 0 | V18: 0 | W18: 0 | X18: 0
A19: INE02PY01013 | B19: Borosil Limited | C19: 0 | D19: 0 | E19: 0.86 | F19: 0 | G19: 0 | H19: 0 | J19: 0 | K19: 0 | L19: 0 | M19: 0 | N19: 0 | O19: 0 | P19: 0 | Q19: 0 | R19: 0 | S19: 0 | T19: 0 | U19: 0 | V19: 0 | W19: 0 | X19: 0
... A162: INF082J01408 | B162: Quantum Gold ETF | C162: 0 | D162: 0 | E162: 0 | F162: 0 | G162: 0 | H162: 14.55 | J162: 0 | K162: 0 | L162: 0 | M162: 0 | N162: 0 | O162: 0 | P162: 0 | Q162: 0 | R162: 0 | S162: 0 | T162: 0 | U162: 0 | V162: 0 | W162: 0 | X162: 0

Sheet Debt Lookup
A1: Debt Scheme Weightage Lookup - Auto-updates from Debt Sheet
A2: This sheet extracts unique ISINs and weightages for each debt scheme | G2: PORTFOLIO OVERLAP SUMMARY (%)
G3: QDBF vs QLF: | H3: =SUM(_xlfn.ANCHORARRAY(G7)) -> 0.34
A4: Instructions: This sheet auto-populates. Do NOT edit manually.
A6: ISIN | B6: Security Name | C6: QDBF | D6: QLF | E6: QMULTI | G6: QDBF vs QLF
A7: {=_xlfn.LET(_xlpm.allISIN,Debt!$D$4:$D$150,_xlpm.validISIN,_xlfn._xlws.FILTER(_xlpm.allISIN,(_xlpm.allISIN<>"")*(LEFT(_xlpm.allISIN,2)="IN")),_xlfn._xlws.SORT(_xlfn.UNIQUE(_xlpm.validISIN)))} -> IN0020230051 | B7: {=IFERROR(_xlfn.XLOOKUP(_xlfn.ANCHORARRAY(A7),Debt!$D$4:$D$150,Debt!$E$4:$E$150,""),"-")} -> 7.3% GOI (MD 19/06/2053) | C7: {=_xlfn.MAP(_xlfn.ANCHORARRAY(A7),_xlfn.LAMBDA(_xlpm.isin,IFERROR(SUMIFS(Debt!$U$4:$U$150,Debt!$D$4:$D$150,_xlpm.isin,Debt!$A$4:$A$150,"QDBF")*100,0)))} -> 0 | D7: {=_xlfn.MAP(_xlfn.ANCHORARRAY(A7),_xlfn.LAMBDA(_xlpm.isin,IFERROR(SUMIFS(Debt!$U$4:$U$150,Debt!$D$4:$D$150,_xlpm.isin,Debt!$A$4:$A$150,"QLF")*100,0)))} -> 0 | E7: {=_xlfn.MAP(_xlfn.ANCHORARRAY(A7),_xlfn.LAMBDA(_xlpm.isin,IFERROR(SUMIFS(Debt!$U$4:$U$150,Debt!$D$4:$D$150,_xlpm.isin,Debt!$A$4:$A$150,"QMULTI")*100,0)))} -> 0 | G7: {=_xlfn.MAP(_xlfn.ANCHORARRAY(C7),_xlfn.ANCHORARRAY(D7),_xlfn.LAMBDA(_xlpm.a,_xlpm.b,MIN(_xlpm.a,_xlpm.b)))} -> 0
A8: IN0020240050 | B8: 7.04% GOI (MD 03/06/2029) | C8: 5.89 | D8: 0 | E8: 0 | G8: 0
A9: IN0020250042 | B9: 6.68% GOI (MD 07/07/2040) | C9: 16.81 | D9: 0 | E9: 0 | G9: 0
A10: IN0020250075 | B10: 7.24% GOI (MD 18/08/2055) | C10: 34.22 | D10: 0 | E10: 0 | G10: 0
A11: IN0020250091 | B11: 6.48% GOI (MD 06/10/2035) | C11: 1.13 | D11: 0 | E11: 0 | G11: 0
A12: IN002025Y487 | B12: 182 Days Tbill (MD 03/09/2026) | C12: 0 | D12: 4.66 | E12: 0 | G12: 0
A13: IN002025Z153 | B13: 364 Days Tbill (MD 09/07/2026) | C13: 0 | D13: 4.7 | E13: 0 | G13: 0
A14: IN002025Z252 | B14: 364 Days Tbill (MD 17/09/2026) | C14: 0 | D14: 4.65 | E14: 0 | G14: 0
A15: IN002026X032 | B15: 91 Days Tbill (MD 23/07/2026) | C15: 0 | D15: 4.69 | E15: 0 | G15: 0
A16: IN002026X040 | B16: 91 Days Tbill (MD 30/07/2026) | C16: 0 | D16: 6.56 | E16: 0 | G16: 0
A17: IN002026X057 | B17: 91 Days Tbill (MD 06/08/2026) | C17: 0 | D17: 6.55 | E17: 0 | G17: 0
A18: IN1520160061 | B18: 7.83% Gujarat SDL(MD 13/07/2026) | C18: 0 | D18: 5.65 | E18: 0 | G18: 0
A19: IN1520250144 | B19: 7.07% Gujarat SDL (MD 24/09/2032) | C19: 0.83 | D19: 0 | E19: 0 | G19: 0
... A52: INF740K01PR3 | B52: DSP Large Cap Fund - Direct Plan - Growth | C52: 0 | D52: 0 | E52: 0 | G52: 0
